 Dungeon Crawl Stone Soup version 0.31-a0-881-ge136f0c47a (webtiles) character file.

Game seed: 12844482132924322586

16507493 Flugkiller the Englaciator (level 27, 260/260 HPs)
             Began as a Ghoul Ice Elementalist on Oct 15, 2023.
             Was the Champion of Cheibriados.
             Escaped with the Orb
             ... and 15 runes!
             The game lasted 03:40:57 (94462 turns).

Flugkiller the Englaciator (GhIE)                  Turns: 94462, Time: 03:40:58

Health: 260/260    AC: 46    Str: 30    XL:     27
Magic:  62/62      EV: 14    Int: 44    God:    Cheibriados [******]
Gold:   13462      SH:  8    Dex: 24    Spells: 31/80 levels left

rFire   + + +        a - staff of Xom's Inspiration {rF++ rC+ Str-3 Ice}
rCold   + + +        Z - +3 warlock's mirror {omnireflect}
rNeg    + + +        P - +5 crystal plate armour "Voguv" {Harm rF+ Int+2}
rPois   ∞            F - +2 helmet
rElec   +            s - scarf {harm}
rCorr   .            f - +2 pair of gloves "Fyqou" {rElec rF+ rC+}
SInv    .            C - +2 pair of boots
Will    ++...        U - amulet of magic regeneration Stlth
                     O - ring "Tunteegh" {MP+9 Int+4}
HPRegen 0.63/turn    l - ring "Efeukh" {Contam rElec rN+ AC+4 Int+5}
MPRegen 0.78/turn

%: harm (+45% outgoing, +30% incoming), reflection
@: studying 4 skills, very slow
A: claws 1, cold resistance 1, negative energy resistance 3, inhibited
regeneration, torment resistance 2, devour on kill
0: Orb of Zot
}: 15/15 runes: serpentine, barnacled, slimy, silver, golden, iron, obsidian,
icy, bone, abyssal, demonic, glowing, magical, fiery, dark
a: Renounce Religion, Bend Time, Temporal Distortion, Slouch, Step From Time


You escaped.
You worshipped Cheibriados.
Cheibriados was exalted by your worship.
You visited 18 branches of the dungeon, and saw 85 of its levels.
You visited Pandemonium 1 time, and saw 13 of its levels.
You visited the Abyss 2 times.
You visited 1 bazaar.
You visited 1 ziggurat, and saw 18 of its levels.
You also visited: Trove, Ice Cave, Volcano and Wizlab.

You collected 20287 gold pieces.
You spent 6825 gold pieces at shops.

Inventory:

Missiles
 H - 23 curare-tipped darts (quivered)
 L - 3 throwing nets
Armour
 f - the +2 pair of gloves "Fyqou" (worn) {rElec rF+ rC+}
   (You found it in a treasure trove)

   rF+:       It protects you from fire.
   rC+:       It protects you from cold.
   rElec:     It insulates you from electricity.
 s - a scarf of harm (worn)
   (You found it on level 7 of the Dungeon)
 C - a +2 pair of boots (worn)
   (You found it on level 5 of the Dungeon)
 F - a +2 helmet (worn)
   (You found it on level 8 of the Dungeon)
 P - the +5 crystal plate armour "Voguv" (worn) {Harm rF+ Int+2}
   (You acquired it on level 3 of the Vaults)

   Int+2:     It affects your intelligence (+2).
   rF+:       It protects you from fire.
   Harm:      It increases damage dealt and taken.
 Z - the +3 warlock's mirror (worn) {omnireflect}
   (You found it on level 8 of a ziggurat)

   Omnireflect: It can block and reflect piercing ranged attacks and magical
   attacks against the wielder's willpower.
Magical Staves
 a - the staff of Xom's Inspiration (weapon) {rF++ rC+ Str-3 Ice}
   (You found it on level 4 of the Shoals)

   [staff of cold]

   Base accuracy: +5 Base damage: 5 Base attack delay: 1.2 This weapon's minimum
   attack delay (0.6) is reached at skill level 12.
   Str-3:     It affects your strength (-3).
   rF++:      It greatly protects you from fire.
   rC+:       It protects you from cold.
   Ice:       It increases the power of your Ice spells.
   It falls into the 'Staves' category.
   It is a one-clawed weapon.
Jewellery
 l - the ring "Efeukh" (right hand) {Contam rElec rN+ AC+4 Int+5}
   (You took it off a deep elf elementalist on level 3 of the Elven Halls)

   [ring of protection]

   AC+4:      It affects your AC (+4).
   Int+5:     It affects your intelligence (+5).
   rElec:     It insulates you from electricity.
   rN+:       It protects you from negative energy.
   Contam:    It causes magical contamination when unequipped.
 m - a ring of willpower
   (You bought it in a shop on level 3 of the Snake Pit)
 r - the ring of Noinnaer {rN+ rCorr Int+6 Dex-2}
   (You bought it in a shop on level 3 of the Snake Pit)

   [ring of intelligence]

   Int+6:     It affects your intelligence (+6).
   Dex-2:     It affects your dexterity (-2).
   rN+:       It protects you from negative energy.
   rCorr:     It protects you from acid and corrosion.
 y - the ring of the Tsukumogami {rF+ AC+4 Slay+3 SInv}
   (You found it on level 7 of Tartarus)

   [ring of protection]

   AC+4:      It affects your AC (+4).
   Slay+3:    It affects your accuracy & damage with ranged weapons and melee
   (+3).
   rF+:       It protects you from fire.
   SInv:      It lets you see invisible.
 N - a ring of ice
   (You took it off Fannar on level 10 of the Dungeon)
 O - the ring "Tunteegh" (left hand) {MP+9 Int+4}
   (You found it on level 15 of a ziggurat)

   [ring of magical power]

   Int+4:     It affects your intelligence (+4).
   MP+9:      It affects your magic capacity (+9).
 U - an amulet of magic regeneration (around neck)
   (You found it on level 12 of the Dungeon)
 X - the ring of Jikhatru {rElec rF+ rC+ Int+3}
   (You found it on level 8 of a ziggurat)

   [ring of protection from cold]

   Int+3:     It affects your intelligence (+3).
   rF+:       It protects you from fire.
   rC+:       It protects you from cold.
   rElec:     It insulates you from electricity.
Wands
 o - a wand of charming (62)
   (You found it on level 2 of the Snake Pit)
 u - a wand of iceblast (50)
   (You found it on level 5 of the Dungeon)
 D - a wand of quicksilver (33)
   (You took it off a kobold on level 7 of the Dungeon)
 E - a wand of mindburst (72)
   (You found it on level 3 of the Lair of Beasts)
 Y - a wand of digging (20)
   (You found it on level 1 of the Elven Halls)
Scrolls
 g - 4 scrolls of immolation
 k - 11 scrolls of revelation
 t - 21 scrolls of teleportation
 z - 7 scrolls of blinking
 B - 7 scrolls of poison
 G - 15 scrolls of fog
 J - 5 scrolls of torment
 M - 17 scrolls of fear
 W - 12 scrolls of vulnerability
Potions
 d - 12 potions of might
 e - 2 potions of magic
 i - 8 potions of invisibility
 j - 4 potions of brilliance
 n - 3 potions of resistance
 q - 20 potions of curing
 w - 13 potions of heal wounds
 A - 7 potions of enlightenment
 R - 5 potions of attraction
 T - 6 potions of ambrosia
 V - 8 potions of cancellation
Miscellaneous
 b - the horn of Geryon
   (You took it off Geryon in the Vestibule of Hell)
 h - a phial of floods
   (You found it in an ice cave)
 v - a lightning rod (4/4)
   (You found it on level 2 of the Depths)
 x - a figurine of a ziggurat
 K - a condenser vane
   (You found it on level 4 of the Shoals)
 Q - a sack of spiders
   (You found it on level 11 of the Dungeon)


   Skills:
 + Level 23.6 Fighting
 - Level 14.0 Staves
 - Level 18.7 Armour
 - Level 11.0 Dodging
 - Level 2.1 Stealth
 O Level 27 Spellcasting
 - Level 14.0 Conjurations
 - Level 6.0 Summonings
 - Level 12.0 Transmutations
 O Level 27 Ice Magic
 O Level 27 Earth Magic
 - Level 14.0 Invocations
 O Level 27 Evocations


You had 31 spell levels left.
You knew the following spells:

 Your Spells              Type           Power      Damage    Failure   Level
a - Freeze                Ice            100%       1d10      0%          1
b - Frozen Ramparts       Ice            100%       1d16      0%          3
c - Ozocubu's Armour      Ice            100%       N/A       0%          3
d - Summon Ice Beast      Ice/Summ       100%       N/A       1%          4
e - Ozocubu's Refrigerat  Ice            82%        4d25      1%          7
f - Hailstorm             Conj/Ice       100%       3d20      0%          3
g - Shatter               Erth           69%        3d51*     4%          9
h - Bombard               Conj/Erth      63%        9d10      1%          6
i - Irradiate             Conj/Tmut      54%        3d29      1%          5
j - Lehudib's Crystal Sp  Conj/Erth      63%        10d14     4%          8

Your spell library contained the following spells:

 Spells                   Type           Power      Damage    Failure   Level
 Magic Dart               Conj           100%       1d8       0%          1
 Searing Ray              Conj           100%       2d8       0%          2
 Petrify                  Tmut/Erth      100%       N/A       0%          4
 Foxfire                  Conj/Fire      100%       2x1d9     1%          1
 Shock                    Conj/Air       100%       1d9       1%          1
 Sting                    Tmut/Pois      100%       1d8       1%          1
 Summon Small Mammal      Summ           100%       N/A       1%          1
 Call Imp                 Summ           100%       N/A       1%          2
 Ensorcelled Hibernation  Hex/Ice        100%       N/A       1%          2
 Momentum Strike          Conj/Tloc      100%       3d10      1%          2
 Static Discharge         Conj/Air       100%       2-7/arc   1%          2
 Call Canine Familiar     Summ           84%        N/A       1%          3
 Dazzling Flash           Conj/Hex       100%       N/A       1%          3
 Ignite Poison            Fire/Tmut/Pois 76%        N/A       1%          3
 Mephitic Cloud           Conj/Pois/Air  79%        N/A       1%          3
 Flame Wave               Conj/Fire      88%        2d19      1%          4
 Fulminant Prism          Conj/Hex       44%        3d19      1%          4
 Iskenderun's Mystic Bla  Conj/Tloc      88%        2d17      1%          4
 Leda's Liquefaction      Hex/Erth       54%        N/A       1%          4
 Sticky Flame             Conj/Fire      88%        2d10      1%          4
 Borgnjor's Vile Clutch   Necr/Erth      54%        N/A       1%          5
 Freezing Cloud           Conj/Ice/Air   66%        6-21      1%          5
 Iskenderun's Battlesphe  Conj           100%       2d15      1%          5
 Metabolic Englaciation   Hex/Ice        66%        N/A       1%          5
 Simulacrum               Ice/Necr       66%        N/A       1%          6
 Summon Guardian Golem    Hex/Summ       72%        N/A       2%          3
 Apportation              Tloc           100%       N/A       3%          1
 Necrotise                Necr           100%       1d9       3%          1
 Slow                     Hex            100%       N/A       3%          1
 Blink                    Tloc           100%       N/A       4%          2
 Cigotuvi's Dreadful Rot  Necr/Pois/Air  100%       N/A       4%          2
 Jinxbite                 Hex            100%       N/A       4%          2
 Lesser Beckoning         Tloc           100%       N/A       4%          2
 Poisonous Vapours        Pois/Air       100%       N/A       4%          2
 Arcjolt                  Conj/Air       44%        1d54      4%          5
 Fireball                 Conj/Fire      44%        3d18      4%          5
 Alistair's Intoxication  Tmut/Pois      56%        N/A       8%          5
 Yara's Violent Unravell  Hex/Tmut       42%        3d17      8%          5
 Summon Lightning Spire   Summ/Air       72%        N/A       9%          4
 Orb of Destruction       Conj           55%        9d14      9%          7
 Confusing Touch          Hex            56%        N/A       10%         3
 Gell's Gravitas          Tloc           56%        N/A       10%         3
 Inner Flame              Hex/Fire       56%        N/A       10%         3
 Sigil of Binding         Hex            56%        N/A       10%         3
 Swiftness                Air            56%        N/A       10%         3
 Teleport Other           Tloc           56%        N/A       10%         3
 Tukima's Dance           Hex            56%        N/A       10%         3
 Vampiric Draining        Necr           56%        2d10      10%         3
 Volatile Blastmotes      Fire/Tloc      100%       2d18      10%         3
 Summon Forest            Summ/Tloc      36%        N/A       26%         5
 Summon Mana Viper        Hex/Summ       72%        N/A       26%         5
 Conjure Ball Lightning   Conj/Air       44%        3x3d15    26%         6
 Starburst                Conj/Fire      44%        6d12      26%         6
 Airstrike                Air            28%        2d(4-20)  30%         4
 Anguish                  Hex/Necr       28%        N/A       30%         4
 Animate Dead             Necr           56%        N/A       30%         4
 Cause Fear               Hex            28%        N/A       30%         4
 Dimensional Bullseye     Hex/Tloc       28%        N/A       30%         4
 Dispel Undead            Necr           56%        3d20      30%         4
 Olgreb's Toxic Radiance  Pois           56%        N/A       30%         4
 Passage of Golubria      Tloc           56%        N/A       30%         4
 Vhi's Electric Charge    Tloc/Air       100%       N/A       30%         4
 Spellforged Servitor     Conj/Summ      49%        N/A       41%         7
 Agony                    Necr           56%        N/A       65%         5
 Silence                  Hex/Air        28%        N/A       65%         5
 Monstrous Menagerie      Summ           42%        N/A       92%         7
 Summon Hydra             Summ           42%        N/A       92%         7
 Death Channel            Necr           28%        N/A       99%         6
 Dispersal                Tloc           28%        N/A       99%         6
 Plasma Beam              Fire/Air       28%        2x1d40    99%         6
 Enfeeble                 Hex            28%        N/A       100%        7
 Haunt                    Necr/Summ      36%        N/A       100%        7
 Malign Gateway           Summ/Tloc      36%        N/A       100%        7
 Discord                  Hex            28%        N/A       100%        8
 Disjunction              Tloc           28%        N/A       100%        8
 Ignition                 Fire           28%        3d9       100%        8
 Infestation              Necr           28%        N/A       100%        8
 Chain Lightning          Conj/Air       44%        3d58      100%        9
 Dragon's Call            Summ           42%        N/A       100%        9
 Fire Storm               Conj/Fire      44%        8d11      100%        9
 Wereblood                Tmut           Unusable   N/A       N/A         2
 Sublimation of Blood     Necr           Unusable   N/A       N/A         2

Dungeon Overview and Level Annotations

Branches:
Dungeon (15/15)            Temple (1/1) D:4            Lair (5/5) D:9
 Shoals (4/4) Lair:2        Snake (4/4) Lair:3        Slime (5/5) Lair:5
    Orc (2/2) D:9             Elf (3/3) Orc:2        Vaults (5/5) D:13
  Crypt (3/3) Vaults:3       Tomb (3/3) Crypt:3      Depths (4/4) D:15
   Hell (visited)             Dis (7/7) Hell            Geh (7/7) Hell
    Coc (7/7) Hell            Tar (7/7) Hell            Zot (5/5) Depths:4
  IceCv (visited)         Volcano (visited)          WizLab (visited)

Altars:
Ashenzari
Cheibriados
Dithmenos
Fedhas
Gozag
Hepliaklqana
Kikubaaqudgha
Makhleb
Nemelex Xobeh
Okawaru
Qazlal
Ru
Sif Muna
Trog
Uskayaw
Vehumet
Wu Jian
Xom
Yredelemnul
Jiyva

Shops:
D:10 =   D:11 *   Orc:2 [[*[   Elf:1 ??[   Elf:2 (*[[   Elf:3 (   Shoals:1 :
Snake:2 ?   Snake:3 =   Vaults:4 (   Vaults:5 ??!!!*=!   Depths:3 *

Portals:
Hell: Depths:1 Depths:2 Depths:3 Depths:4
Abyss: Depths:3
Pandemonium: Depths:2 Depths:4

Annotations:
D:10 1 runed translucent door, Syrassil's ghost, journeyman KoBr
D:14 3 runed translucent doors, Poavur's ghost, journeyman FoFi
Snake:4 3 runed translucent doors, Cyhav's ghost, adept HuFi; Reshi88's ghost, adept MiFi
Orc:2 3 runed translucent doors, kae's ghost, journeyman DsEn
Elf:2 4 runed translucent doors


Innate Abilities, Weirdness & Mutations

You are immune to poison.
You have sharp fingernails.
Your flesh is cold resistant. (rC+)
You are immune to negative energy. (rN+++)
You do not regenerate when monsters are visible.
You are immune to unholy pain and torment.
You thrive by killing the living.


Message History

Confirm with . or Enter, or press ? or * to list all spells.
You feel a surge of power!
The heat is drained from your surroundings.
The daeva is heavily wounded.
Casting: Ozocubu's Refrigeration (safe; 1% risk of failure)
Confirm with . or Enter, or press ? or * to list all spells.
You feel a surge of power!
The heat is drained from your surroundings.
You kill the daeva!
Cheibriados appreciates the change of pace.
There is a stone staircase leading up here.
You climb upwards.
Level annotation: 1 runed translucent door, Syrassil's ghost, journeyman KoBr
There is a stone staircase leading down here.
HP restored.
An orange demon comes into view.
Casting: Ozocubu's Refrigeration (safe; 1% risk of failure)
Confirm with . or Enter, or press ? or * to list all spells.
You feel a surge of power!
The heat is drained from your surroundings.
You kill the orange demon!
Cheibriados appreciates the change of pace.
An orange demon comes into view.
Casting: Ozocubu's Refrigeration (safe; 1% risk of failure)
Confirm with . or Enter, or press ? or * to list all spells.
You feel a surge of power!
The heat is drained from your surroundings.
The orange demon is almost dead.
A green death comes into view.
Casting: Ozocubu's Refrigeration (safe; 1% risk of failure)
Confirm with . or Enter, or press ? or * to list all spells.
You feel a surge of power!
The heat is drained from your surroundings.
You kill the orange demon!
Cheibriados appreciates the change of pace.
You kill the green death!
Cheibriados appreciates the change of pace.
Casting: Ozocubu's Refrigeration (safe; 1% risk of failure)
Confirm with . or Enter, or press ? or * to list all spells.
You can't see any susceptible monsters within range! (Use Z to cast anyway.)
There is a stone staircase leading up here.
You climb upwards.
There is a stone staircase leading down here.
There is an open door here.
Magic restored.
There is a stone staircase leading up here.
You climb upwards.
There is a stone staircase leading down here.
A sun demon comes into view.
Casting: Ozocubu's Refrigeration (safe; 1% risk of failure)
Confirm with . or Enter, or press ? or * to list all spells.
You feel a surge of power!
The heat is drained from your surroundings.
The sun demon is frozen!
You kill the sun demon!
Cheibriados appreciates the change of pace.
Casting: Ozocubu's Refrigeration (safe; 1% risk of failure)
Confirm with . or Enter, or press ? or * to list all spells.
You can't see any susceptible monsters within range! (Use Z to cast anyway.)
There is a stone staircase leading up here.
You climb upwards.
There is a stone staircase leading down here.
A rust devil comes into view.
Casting: Ozocubu's Refrigeration (safe; 1% risk of failure)
Confirm with . or Enter, or press ? or * to list all spells.
You feel a surge of power!
The heat is drained from your surroundings.
The rust devil resists.
The rust devil is heavily wounded.
Casting: Ozocubu's Refrigeration (safe; 1% risk of failure)
Confirm with . or Enter, or press ? or * to list all spells.
You feel a surge of power!
The heat is drained from your surroundings.
The rust devil resists.
You kill the rust devil!
Cheibriados appreciates the change of pace.
There is a stone staircase leading up here.
You climb upwards.
There is a stone staircase leading down here.
Magic restored.
There is a stone staircase leading up here.
You climb upwards.
There is a stone staircase leading down here.
There is a stone staircase leading up here.
You climb upwards.
There is a stone staircase leading down here.
There is a stone staircase leading up here.
You climb upwards.
There is a stone staircase leading down here.
There is a stone staircase leading up here.
You climb upwards.
There is a stone staircase leading down here.
You see here a +0 chain mail.
There is a stone staircase leading up here.
You climb upwards.
There is a stone staircase leading down here.
There is a staircase leading out of the dungeon here.
Unknown command.
Enter note: gg You have escaped!

# #.....................# #.#
# #.....###############.# #(#
# #.....#.............#.# #.#
# #.....#........(....#.# #.#
# #.....#.....(.......#.# #.#
# ####..#######†#######.# #.#
# #..#......†......#.# #.# #
#..+⌠....###....⌠'.# #.# #
#..#......@......#.# #.#
#..#..⌠...>...⌠..#.# #.#
#####..###+#######'###.# #.#
#......................# #.#
#.###.........#############.##
##.#
######.#.######..........##
##..# #.....................
#..## #.#########.#########.
#.## #.#....# #.# #.


There were no monsters in sight!

Vanquished Creatures
  Cerebov (Pan)
  Antaeus (Coc:7)
  Asmodeus (Geh:7)
  the Royal Jelly (Slime:5)
  Ereshkigal (Tar:7)
  Gloorx Vloq (Pan)
  Mnoleg (Pan)
  Lom Lobon (Pan)
  the Serpent of Hell (Geh:7)
  6 dread liches
  Dispater (Dis:7)
  7 ancient liches
  Mennas (Vaults:5)
  21 orbs of fire
  Mara (Shoals:4)
  7 pandemonium lords
  4 juggernauts
  Sojobo (Vaults:3)
  22 royal mummies
  Bai Suzhen (Crypt:3)
  Parghit (Zot:2)
  Saint Roka (Vaults:5)
  10 Killer Klowns
  Margery (Crypt:2)
  23 shard shrikes
  48 caustic shrikes
  A curse toe (Zot:2)
  Nikola (Shoals:4)
  Geryon (Hell)
  20 golden dragons
  14 bone dragons
  8 profane servitors
  14 iron giants
  5 doom hounds
  8 electric golems
  13 Tzitzimimeh
  10 Brimstone Fiends
  A spectral shard shrike (Tar:7)
  9 hellephants
  15 Hell Sentinels
  Zenata (Elf:1)
  15 tentacled monstrosities
  Jorgrun (Shoals:2)
  26 Ice Fiends
  13 tainted leviathans
  A walking crystal tome (Depths:3)
  30 Orb Guardians
  10 quicksilver dragons
  9 liches
  6 deep elf blademasters
  A sphinx (shapeshifter) (Zig:15)
  18 searing wretches
  16 Executioners
  19 titans
  26 ancient champions
  12 sphinxes
  4 tentacled starspawn (Abyss:6)
  15 acid blobs
  2 deep elf master archers (WizLab)
  7 death cobs
  9 shadow dragons
  Kirke (Snake:4)
  2 thorn hunters (WizLab)
  9 tengu reavers
  Murray (Hell)
  Donald (Elf:1)
  20 storm dragons
  6 draconian monks
  A daeva (D:11)
  A shadow dragon (shapeshifter) (Zig:15)
  34 fire giants
  16 azure jellies
  8 revenants
  3 fenstrider witches (WizLab)
  Ilsuiw (Shoals:4)
  8 rockslimes (Slime:5)
  8 nagarajas
  6 deep elf sorcerers
  4 draconian knights
  24 narguns
  23 vault wardens
  4 demonspawn warmongers (Pan)
  16 quicksilver elementals
  58 balrugs
  8 shard shrike simulacra
  3 angels
  7 draconian scorchers
  12 iron dragons
  15 frost giants
  6 ghost moths
  A frost giant (shapeshifter) (Zig:15)
  6 draconian shifters
  A caustic shrike zombie (Hell)
  5 juggernaut zombies
  2 spectral caustic shrikes (Tar:3)
  9 draconian annihilators
  6 deep elf elementalists (Elf:3)
  6 quicksilver oozes (Slime:5)
  3 ghouls
  4 draconian stormcallers
  6 curse skulls
  An orc warlord (Vaults:4)
  14 cacodemons
  4 formless jellyfish
  2 juggernaut skeletons
  7 demonspawn blood saints
  12 reapers
  A formless jellyfish (shapeshifter) (Depths:3)
  24 very ugly things
  14 elemental wellsprings
  11 vampire knights
  36 war gargoyles
  20 ironbound preservers
  22 putrid mouths
  28 stone giants
  7 demonspawn corrupters (Pan)
  5 ironbound thunderhulks
  Nessos (D:12)
  10 deep elf annihilators
  A demonspawn black sun (Pan)
  5 deep elf demonologists
  12 bennus
  A broodmother (Zig:14)
  11 green draconians
  A rockslime zombie (Crypt:2)
  11 black draconians
  6 purple draconians
  19 wendigos
  14 dire elephants
  12 white draconians
  5 red draconians
  A spectral titan (Tar:1)
  5 lorocyprocas (Pan)
  23 iron golems
  13 yellow draconians
  14 blizzard demons
  23 spark wasps
  8 deep elf death magi
  10 green deaths
  12 eidola
  11 merfolk impalers
  5 crystal guardians
  24 ettins
  23 mummy priests
  4 merfolk javelineers
  A quicksilver dragon zombie (Crypt:3)
  4 entropy weavers
  21 fire dragons
  A fire dragon (shapeshifter) (Vaults:5)
  6 jiangshi (Crypt:2)
  12 great orbs of eyes
  8 deep elf high priests
  3 shambling mangroves (WizLab)
  A spectral spriggan (Tar:1)
  16 yaktaur captains
  4 spriggan zombies
  2 juggernaut simulacra
  8 ice dragons
  30 vault guards
  3 hydras
  5 spriggan skeletons
  8 hell beasts
  15 salamander tyrants
  4 rakshasas
  A sphinx zombie (Hell)
  Harold (D:10)
  3 merfolk avatars
  4 ogre magi
  5 peacekeepers
  13 spriggan air magi
  Fannar (D:10)
  2 alligator snapping turtles
  2 catoblepae (Shoals:2)
  2 fenstrider witch skeletons
  5 anacondas
  9 caustic shrike simulacra
  15 stokers
  6 merfolk aquamancers
  13 ironbound frosthearts
  2 anacondas (shapeshifter)
  5 centaur warriors
  2 boulder beetles
  A radroach (Zig:14)
  3 two-headed ogres (D:11)
  26 dancing weapons
  A death yak (shapeshifter) (Zig:15)
  12 vampire magi
  3 satyrs
  13 naga warriors
  2 jorogumos (Zig:14)
  A deep troll shaman (Depths:1)
  10 tengu warriors
  2 two-headed ogres (shapeshifter) (Zig:15)
  7 death yaks
  4 death knights
  18 shock serpents
  58 death scarabs
  10 demonic crawlers
  3 spectral dire elephants
  2 titan zombies
  6 naga sharpshooters
  6 deep troll earth magi
  25 hell hogs
  18 deep elf knights
  A shock serpent (shapeshifter) (Vaults:5)
  An orc high priest (Elf:3)
  6 spriggan berserkers
  12 thrashing horrors
  54 sun demons
  2 crystal echidnas (Dis:7)
  A storm dragon zombie (Zig:17)
  16 soul eaters
  Amaemon (Lair:1)
  14 hell knights
  13 fire crabs
  4 salamander mystics
  A spectral bunyip (Tar:1)
  3 skysharks
  2 titan skeletons
  2 wretched stars (Abyss:6)
  An iron troll (shapeshifter) (Zig:15)
  40 shadow wraiths
  18 sixfirhies
  6 iron trolls
  3 pharaoh ants (Zig:14)
  30 skeletal warriors
  3 bunyip zombies
  A golden dragon zombie (Crypt:3)
  A sea snake (shapeshifter) (Zig:11)
  A cherub (Pan)
  4 quicksilver dragon simulacra
  A spark wasp zombie (Hell)
  8 glowing orange brains
  A storm dragon skeleton (Pan)
  19 sea snakes
  5 flayed ghosts
  56 deep trolls
  3 orb spiders (Zig:14)
  8 wizards
  4 bog bodies (IceCv)
  8 spriggan simulacra
  14 deep elf archers
  6 shadow demons (Pan)
  21 ironbound convokers
  5 obsidian statues
  13 lindwurms
  A naga ritualist (Snake:2)
  2 anaconda zombies
  A deep troll (shapeshifter) (Vaults:5)
  3 bunyip skeletons
  4 orange crystal statues
  11 phantasmal warriors
  A shadow dragon zombie (Crypt:2)
  An anaconda skeleton (Crypt:1)
  A golden dragon skeleton (Depths:3)
  2 steelbarb worms (Zig:14)
  14 necromancers
  8 orc knights
  3 mana vipers
  34 deep elf pyromancers
  5 harpies
  35 deep elf zephyrmancers
  4 orc sorcerers
  A faun (shapeshifter) (Vaults:5)
  2 frost giant zombies (Hell)
  10 cyclopes
  A wolf spider (Zig:14)
  An alligator zombie (Hell)
  28 moths of wrath
  4 shining eyes
  3 oklob plants (WizLab)
  A human zombie (Tomb:2)
  4 fire giant zombies
  4 salamanders (Snake:3)
  A spectral ettin (Tar:1)
  12 manticores
  12 fauns
  35 ugly things
  A formless jellyfish zombie (Crypt:1)
  A spectral centaur (Tar:1)
  11 ice statues
  An alligator skeleton (Hell)
  2 worldbinders
  9 merfolk sirens
  An eye of devastation (shapeshifter) (Zig:1)
  2 eyes of devastation
  7 elephants
  A dire elephant zombie (Crypt:3)
  3 apocalypse crabs
  13 rust devils
  21 black mambas
  2 guardian serpents (Snake:2)
  49 smoke demons
  4 torpor snails (Zig:14)
  24 vault sentinels
  28 orange demons
  4 water nymphs
  4 centaur skeletons
  4 molten gargoyles
  9 naga magi
  A red draconian zombie (Crypt:1)
  4 titan simulacra
  An unseen horror (Tar:7)
  An unseen horror (shapeshifter) (Zig:13)
  7 cane toads
  A komodo dragon (shapeshifter) (Depths:1)
  A grey draconian zombie (Crypt:2)
  A sea snake zombie (Hell)
  30 hellions
  5 hydra zombies
  8 komodo dragons
  15 tormentors
  9 anaconda simulacra
  22 freezing wraiths
  A yaktaur (shapeshifter) (Depths:3)
  3 rime drakes
  24 yaktaurs
  A mana viper zombie (Crypt:1)
  2 bunyip simulacra (Coc:2)
  4 spectral nagas (Tar:1)
  4 tengu conjurers
  5 spectral harpies
  18 efreet
  5 ice devils
  6 ancient zymes (Abyss:6)
  4 golden dragon simulacra (IceCv)
  55 guardian mummies
  An unseen horror skeleton (Crypt:2)
  A death drake zombie (Crypt:2)
  7 red devils
  2 polar bears (Lair:1)
  3 trolls
  2 sea snake skeletons (Hell)
  25 merfolk
  3 harpy zombies (Crypt:3)
  3 meliai (Zig:14)
  A shadow dragon simulacrum (Coc:2)
  6 wind drakes
  26 hellwings
  3 alligator simulacra
  5 hornets
  A troll (shapeshifter) (Abyss:6)
  An iron dragon simulacrum (Coc:1)
  2 harpy skeletons
  3 hydra skeletons
  5 raiju
  A tarantella (Zig:14)
  10 blink frogs
  Grinder (D:3)
  5 snapping turtles
  10 dream sheep
  A dream sheep (shapeshifter) (Vaults:5)
  A tarantella zombie (Crypt:1)
  2 ettin zombies
  81 slime creatures
  A snapping turtle (shapeshifter) (Zig:15)
  A jumping spider (shapeshifter) (D:15)
  A stone giant simulacrum (Tomb:2)
  4 centaur simulacra
  Sigmund (D:2)
  2 ettin skeletons
  59 flying skulls
  4 spriggans
  A fire dragon skeleton (Crypt:1)
  7 wyverns
  9 wraiths
  A culicivora (shapeshifter) (Zig:13)
  18 water elementals
  2 black mamba zombies
  A culicivora (Zig:14)
  24 ushabtiu
  5 dire elephant simulacra
  6 air elementals
  35 yaks
  19 ynoxinuls
  5 hogs (Snake:4)
  3 naga simulacra
  12 fire elementals
  A hog (shapeshifter) (Vaults:5)
  A wind drake skeleton (Crypt:1)
  7 humans (Zot:3)
  40 large abominations
  11 golden eyes (Slime:5)
  21 neqoxecs
  A sea snake simulacrum (Hell)
  4 steam dragons
  A black mamba skeleton (Crypt:3)
  6 vampire mosquitoes
  2 yaktaur simulacra (Vaults:4)
  2 redbacks (shapeshifter)
  10 redbacks
  15 chaos spawn
  A minotaur simulacrum (IceCv)
  5 wargs
  16 harpy simulacra
  A swamp worm (shapeshifter) (Depths:3)
  A naga zombie (Tomb:1)
  A glowing shapeshifter zombie (Hell)
  41 nagas
  5 small abominations
  5 acid dragons
  7 water moccasins
  2 naga skeletons
  A floating eye (Depths:1)
  2 two-headed ogre skeletons
  2 hydra simulacra
  23 orc warriors
  36 hell hounds
  2 glowing shapeshifter skeletons
  3 ettin simulacra
  2 ice beasts
  2 black bears
  7 ogres
  19 centaurs
  12 starcursed masses (Abyss:6)
  7 wolves
  A manticore skeleton (Crypt:2)
  A phantom (D:5)
  A bullfrog (Lair:4)
  3 kobold brigands
  A necrophage (Crypt:3)
  2 gnoll sergeants
  A deep troll simulacrum (IceCv)
  10 earth elementals
  2 scorpions
  3 wights (D:8)
  10 killer bees
  2 lindwurm simulacra (IceCv)
  6 howler monkeys
  2 electric eels
  3 lava snakes (Lair:5)
  5 orc priests
  2 hounds
  4 jellies
  2 iron imps (Abyss:1)
  Jessica (D:2)
  An iguana (D:6)
  A human skeleton (Crypt:1)
  17 orc wizards
  Natasha (D:3)
  20 hell rats
  3 lightning spires (Zig:17)
  64 mummies
  16 gnolls
  6 adders
  7 river rats (Lair:3)
  3 shadow imps
  A white imp (Abyss:1)
  6 ufetubi
  4 worms
  2 dart slugs
  53 orcs
  9 ball pythons
  6 bats
  6 endoplasms
  11 giant cockroaches
  8 goblins
  7 hobgoblins
  2 jackals (D:1)
  18 kobolds
  3 quokkas
  A frilled lizard (D:3)
  A quokka skeleton (Crypt:1)
  10 rats
  4 creeping infernos
  12 fire vortices
  3 lurking horrors
  3 starspawn tentacles
4078 creatures vanquished.

Vanquished Creatures (collateral kills)
  A dread lich (Zot:5)
  A shard shrike (Coc:7)
  A Killer Klown (Zot:3)
  A golden dragon (Zot:3)
  Mlioglotl (Snake:1)
  A death cob (Zot:3)
  A frost giant (Shoals:4)
  Louise (Snake:1)
  The ghost of lastchild the Mimic, a journeyman OpSh of Makhleb (D:11)
  Josephine (D:13)
  A hydra (Lair:5)
  Erolcha (D:10)
  A dancing weapon (D:13)
  5 death yaks
  3 boulder beetles
  A tengu warrior (D:11)
  2 two-headed ogres
  2 skysharks (Lair:5)
  A soul eater (D:14)
  A lindwurm (Lair:5)
  A bog body (Lair:1)
  A deep elf pyromancer (D:13)
  A manticore (D:11)
  2 ugly things (D:14)
  A cyclops (D:15)
  3 elephants (Lair:4)
  2 moths of wrath (Zot:3)
  2 naga magi (Snake:2)
  2 rust devils (D:14)
  6 black mambas
  A torpor snail (Lair:5)
  A molten gargoyle (Lair:5)
  4 cane toads
  A freezing wraith (D:15)
  3 rime drakes
  7 komodo dragons
  An ice devil (D:14)
  2 trolls (D:9)
  A hornet (D:9)
  2 hellwings (D:14)
  5 polar bears
  3 blink frogs
  4 dream sheep (Lair:5)
  8 slime creatures
  A yak (shapeshifter) (D:15)
  2 shadows
  5 wraiths
  2 wyverns (Lair:5)
  10 yaks
  2 basilisks (Lair:5)
  A steam dragon (D:9)
  Menkaure (D:5)
  2 redbacks (D:14)
  5 vampire mosquitoes
  A neqoxec (D:14)
  A harpy simulacrum (Coc:7)
  An acid dragon (D:11)
  8 water moccasins
  A hell hound (Lair:5)
  6 orc warriors
  An ice beast (D:6)
  A centaur (Orc:2)
  4 wolves
  A phantom (D:5)
  A kobold brigand (D:7)
  A gnoll sergeant (D:11)
  3 bullfrogs
  5 wights (D:8)
  An electric eel (D:8)
  A howler monkey (D:10)
  2 lava snakes (Lair:5)
  A hound (D:6)
  2 orc priests
  A jelly (Lair:5)
  4 orc wizards
  A spriggan simulacrum (Lair:1)
  3 hell rats (Lair:3)
  6 gnolls
  A naga simulacrum (Lair:1)
  A river rat (Lair:3)
  A white imp (Lair:1)
  4 ufetubi
  11 orcs
  4 kobolds
  A rat (Lair:3)
203 creatures vanquished.

Vanquished Creatures (others)
  A hellephant (Geh:4)
  A lich (Pan)
  A revenant (Crypt:1)
  A shard shrike simulacrum (Coc:7)
  A draconian stormcaller (Zot:1)
  A demonspawn blood saint (Pan)
  An eleionoma (WizLab)
  A fire dragon (Zig:18)
  A green death (Pan)
  A stoker (Geh:7)
  A deep elf knight (Elf:1)
  A titan simulacrum (Coc:7)
  A troll (D:10)
  A human (Snake:4)
  A neqoxec (Pan)
  A harpy simulacrum (Coc:7)
  17 battlemagi
  3 ancestors (D:7)
  3 ball lightnings (Pan)
  A creeping inferno (Geh:6)
  5 starspawn tentacles (Abyss:6)
45 creatures vanquished.

Grand Total: 4326 creatures vanquished

Notes
Turn   | Place    | Note
-------+----------+-------------------------------------------
     0 | D:1      | Flugkiller the Ghoul Ice Elementalist began the quest for
                  | the Orb.
     0 | D:1      | Reached XP level 1. HP: 14/14 MP: 2/2
     1 | D:1      | Found a runed translucent door.
   254 | D:1      | Reached XP level 2. HP: 20/20 MP: 0/4
   966 | D:2      | Reached skill level 5 in Ice Magic
  1124 | D:2      | Reached XP level 3. HP: 25/26 MP: 1/5
  1212 | D:1      | Learned a level 3 spell: Frozen Ramparts
  1394 | D:2      | Noticed Jessica
  1417 | D:2      | Killed Jessica
  1418 | D:2      | Reached XP level 4. HP: 6/33 MP: 0/6
  1780 | D:2      | Found a shimmering altar of Xom.
  1824 | D:2      | Found a faded altar of an unknown god.
  1830 | D:2      | Noticed Sigmund
  2055 | D:2      | Killed Sigmund
  2056 | D:2      | Reached XP level 5. HP: 38/38 MP: 0/7
  2056 | D:2      | Reached XP level 6. HP: 45/45 MP: 0/8
  2374 | D:1      | Reached skill level 1 in Fighting
  2455 | D:3      | You fall into a shaft and drop 1 floor!
  2741 | D:4      | Reached XP level 7. HP: 35/52 MP: 2/9
  2907 | D:4      | Found a staircase to the Ecumenical Temple.
  2962 | D:4      | Found a hazy altar of Hepliaklqana.
  3034 | Temple   | Entered the Ecumenical Temple
  3105 | D:3      | Noticed Natasha
  3106 | D:3      | Noticed Grinder
  3223 | D:4      | Became a worshipper of Hepliaklqana the Forgotten
  3487 | D:3      | Killed Natasha
  3604 | D:3      | Killed Grinder
  3806 | D:5      | Entered Level 5 of the Dungeon
  3890 | D:5      | Noticed a steam dragon
  3898 | D:5      | Killed a steam dragon
  3899 | D:5      | Reached skill level 10 in Ice Magic
  3899 | D:5      | Reached XP level 8. HP: 48/59 MP: 3/11
  3914 | D:5      | Learned a level 3 spell: Ozocubu's Armour
  3919 | D:5      | Learned a level 4 spell: Summon Ice Beast
  4252 | D:5      | Noticed Menkaure
  4263 | D:5      | Killed Menkaure
  4422 | D:5      | Found an opulent altar of Gozag.
  4593 | D:5      | Reached * piety under Hepliaklqana
  4598 | D:5      | Reached skill level 5 in Summonings
  4629 | D:5      | Found an ancient bone altar of Kikubaaqudgha.
  4921 | D:6      | Reached XP level 9. HP: 62/62 MP: 8/12
  5669 | D:7      | Found a basalt altar of Yredelemnul.
  5947 | D:7      | Reached ** piety under Hepliaklqana
  6003 | D:7      | Reached skill level 1 in Evocations
  6376 | D:8      | Found a broken altar of Ashenzari.
  6390 | D:8      | Identified the ring "Plog" {Fly rF+}
  6467 | D:8      | Found a snail-covered altar of Cheibriados.
  6500 | D:8      | Found a blossoming altar of Fedhas.
  6514 | D:8      | Reached XP level 10. HP: 50/69 MP: 10/15
  6516 | D:8      | Remembered your ancestor Mike Hunt as a battlemage
  6751 | D:8      | Reached *** piety under Hepliaklqana
  7078 | D:9      | Noticed a two-headed ogre
  7101 | D:9      | Found a staircase to the Orcish Mines.
  7187 | D:9      | Killed a two-headed ogre
  7188 | D:9      | Reached skill level 5 in Evocations
  7438 | D:9      | Found a staircase to the Lair.
  7657 | D:10     | Entered Level 10 of the Dungeon
  7680 | D:10     | Reached XP level 11. HP: 71/73 MP: 16/16
  7820 | D:10     | Reached **** piety under Hepliaklqana
  7841 | D:10     | Noticed a two-headed ogre
  7847 | D:10     | Killed a two-headed ogre
  7914 | D:10     | Noticed Erolcha
  7915 | D:10     | Found a hide-covered altar of Uskayaw.
  7920 | D:10     | Killed Erolcha
  7940 | D:10     | Reached skill level 15 in Ice Magic
  7980 | D:10     | Noticed Fannar
  7995 | D:10     | Killed Fannar
  8013 | D:10     | Found Dauty's Jewellery Shop.
  8021 | D:10     | Bought a +6 ring of intelligence for 468 gold pieces
  8117 | D:10     | Found a runed translucent door.
  8126 | D:10     | Learned a level 7 spell: Ozocubu's Refrigeration
  8126 | D:10     | Found a shimmering altar of Xom.
  8126 | D:10     | Noticed Syrassil's ghost (journeyman KoBr)
  8126 | D:10     | Noticed Harold
  8136 | D:10     | Killed Harold
  8137 | D:10     | Noticed a +2 broad axe of chaos
  8298 | D:10     | Found a stormy altar of Qazlal.
  8525 | D:11     | Noticed a cyclops
  8531 | D:11     | Killed a cyclops
  8562 | D:11     | Noticed a tengu warrior
  8563 | D:11     | Noticed lastchild's ghost (journeyman OpSh)
  8563 | D:11     | Noticed a moth of wrath
  8772 | D:11     | Found Coku Foe's General Store.
  8849 | D:11     | Noticed a manticore
  8853 | D:11     | Noticed a two-headed ogre
  8854 | D:11     | Noticed a two-headed ogre
  8861 | D:11     | Killed a manticore
  8889 | D:11     | Found a transporter.
  8910 | D:11     | Noticed a manticore
  8923 | D:11     | Killed a manticore
  9006 | D:11     | Noticed a two-headed ogre
  9023 | D:11     | Killed a two-headed ogre
  9071 | D:11     | Found a transporter.
  9189 | D:11     | Noticed a cyclops
  9193 | D:11     | Killed a cyclops
  9194 | D:11     | Noticed a boulder beetle
  9203 | D:11     | Killed a boulder beetle
  9204 | D:11     | Reached XP level 12. HP: 80/80 MP: 3/17
  9605 | D:11     | Found a bloodstained altar of Trog.
  9955 | D:11     | Killed a two-headed ogre
  9956 | D:11     | Killed a two-headed ogre
  9961 | D:11     | Killed lastchild's ghost
  9980 | D:11     | Killed a tengu warrior
 10097 | D:11     | he will be baptized
 10190 | Lair:1   | Entered Level 1 of the Lair of Beasts
 10311 | Lair:1   | Noticed Amaemon
 10325 | Lair:1   | Killed Amaemon
 10758 | Lair:1   | Noticed a death yak
 10848 | Lair:1   | Noticed a death yak
 10854 | Lair:1   | Killed a death yak
 11038 | Lair:1   | Reached XP level 13. HP: 82/84 MP: 10/18
 11041 | Lair:1   | Reached ***** piety under Hepliaklqana
 11501 | Lair:2   | Reached skill level 1 in Invocations
 11777 | Lair:2   | Reached skill level 5 in Invocations
 11795 | Lair:2   | Found a staircase to the Shoals.
 12181 | Lair:3   | Found a staircase to the Snake Pit.
 12331 | Lair:3   | Identified the +4 scale mail of Twilight {Fly Str+3 Dex-4}
 13397 | Lair:4   | Got a sparkling book
 13537 | Lair:4   | Reached skill level 10 in Invocations
 13579 | Lair:4   | Reached XP level 14. HP: 29/91 MP: 4/20
 14063 | Lair:5   | Entered Level 5 of the Lair of Beasts
 14193 | Lair:5   | Identified the +1 robe of Buxzided {Str+4}
 14332 | Lair:5   | Reached ****** piety under Hepliaklqana
 14462 | Lair:5   | Found a viscous altar of Jiyva.
 14472 | Lair:5   | Found a staircase to the Slime Pits.
 14857 | Lair:5   | Found a large runed translucent door.
 15130 | Lair:5   | Found a large runed translucent door.
 16766 | D:12     | Noticed Nessos
 16768 | D:12     | Killed Nessos
 16769 | D:12     | Reached XP level 15. HP: 96/96 MP: 10/21
 16938 | D:13     | Noticed Josephine
 16942 | D:13     | Killed Josephine
 17247 | D:13     | Found a gate to the Vaults.
 17848 | D:14     | Noticed a tengu reaver
 17853 | D:14     | Noticed Poavur's ghost (journeyman FoFi)
 17864 | D:14     | Found a runed translucent gate.
 17864 | D:14     | Found a runed translucent gate.
 17866 | D:14     | Found a runed translucent gate.
 17866 | D:14     | Noticed a frost giant
 18812 | D:15     | Entered Level 15 of the Dungeon
 19302 | D:15     | Identified the +7 war axe "Giantslayer" {drain, rPois
                  | Str+2}
 19602 | D:15     | Found a staircase to the Depths.
 19818 | Orc:1    | Entered Level 1 of the Orcish Mines
 19869 | Orc:2    | Entered Level 2 of the Orcish Mines
 19914 | Orc:1    | Found a dark tunnel.
 19948 | Volcano  | Entered a volcano
 20570 | Orc:2    | Found a staircase to the Elven Halls.
 20599 | Orc:2    | Reached XP level 16. HP: 102/102 MP: 6/22
 20726 | Orc:2    | Found a runed translucent gate.
 20727 | Orc:2    | Found a runed translucent gate.
 20728 | Orc:2    | Found a runed translucent gate.
 20729 | Orc:2    | Found an opulent altar of Gozag.
 20730 | Orc:2    | Noticed kae's ghost (journeyman DsEn)
 21035 | Orc:2    | Found Oxkim's General Store.
 21035 | Orc:2    | Found Kirosowk's Armour Boutique.
 21037 | Orc:2    | Found Seucwe's Armour Shop.
 21039 | Orc:2    | Found Arghu's Antique Armour Shoppe.
 21043 | Orc:2    | Bought a scroll of blinking for 112 gold pieces
 21235 | Snake:1  | Entered Level 1 of the Snake Pit
 21447 | Snake:1  | Noticed Mlioglotl
 21449 | Snake:1  | Noticed a tentacled starspawn
 21462 | Snake:1  | Killed Mlioglotl
 21929 | Snake:1  | Noticed Louise
 21931 | Snake:1  | Killed Louise
 22588 | Snake:2  | Found Olal Yxuo's Magic Scroll Shoppe.
 22597 | Snake:2  | Bought a scroll of blinking for 112 gold pieces
 22597 | Snake:2  | Bought a scroll of blinking for 112 gold pieces
 22849 | Snake:2  | Bought a scroll of identify for 30 gold pieces
 22849 | Snake:2  | Identified a scroll of acquirement
 22968 | D:8      | Fell from the grace of Hepliaklqana
 22968 | D:8      | Became a worshipper of Cheibriados the Contemplative
 23226 | Snake:3  | good bye, mr hunt
 23325 | Snake:3  | Noticed a nagaraja
 23327 | Snake:3  | Killed a nagaraja
 23350 | Snake:3  | Noticed a nagaraja
 23352 | Snake:3  | Killed a nagaraja
 23449 | Snake:3  | Identified the +0 scale mail "Peywur" {Int+3}
 23566 | Snake:3  | Reached * piety under Cheibriados
 23671 | Snake:3  | Found Snt Wephu's Jewellery Boutique.
 24231 | Snake:4  | Entered Level 4 of the Snake Pit
 24312 | Snake:4  | Reached ** piety under Cheibriados
 24425 | Snake:4  | Noticed a nagaraja
 24427 | Snake:4  | Killed a nagaraja
 24501 | Snake:4  | Found a runed translucent gate.
 24501 | Snake:4  | Found a runed translucent gate.
 24510 | Snake:4  | Found a runed translucent gate.
 24512 | Snake:4  | Noticed Reshi88's ghost (adept MiFi)
 24512 | Snake:4  | Noticed Cyhav's ghost (adept HuFi)
 24678 | Snake:4  | Noticed Kirke
 24698 | Snake:4  | Killed Kirke
 24906 | Snake:4  | Reached *** piety under Cheibriados
 25045 | Snake:4  | Noticed a nagaraja
 25047 | Snake:4  | Killed a nagaraja
 25204 | Snake:4  | Noticed a nagaraja
 25207 | Snake:4  | Killed a nagaraja
 25229 | Snake:4  | Got a serpentine rune of Zot
 25646 | Shoals:1 | Entered Level 1 of the Shoals
 25710 | Shoals:1 | Reached **** piety under Cheibriados
 25846 | Shoals:1 | You fall into a shaft and drop 1 floor!
 26316 | Shoals:2 | Noticed Jorgrun
 26318 | Shoals:2 | Killed Jorgrun
 26704 | Shoals:3 | Reached ***** piety under Cheibriados
 26863 | Shoals:3 | Found a frozen archway.
 26904 | Shoals:3 | Learned a level 3 spell: Hailstorm
 26937 | IceCv    | Entered an ice cave
 27939 | IceCv    | Found an ancient bone altar of Kikubaaqudgha.
 28356 | IceCv    | Noticed a lich
 28552 | IceCv    | Identified the ring "Lowk" {Fly rPois rN+ Dex-3 SInv}
 29099 | Shoals:4 | Entered Level 4 of the Shoals
 29113 | Shoals:4 | Noticed Ilsuiw
 29115 | Shoals:4 | Killed Ilsuiw
 29295 | Shoals:4 | Noticed Mara
 29297 | Shoals:4 | Noticed Flugkiller's illusion
 29302 | Shoals:4 | Noticed Flugkiller's illusion
 29303 | Shoals:4 | Killed Mara
 29304 | Shoals:4 | Was forgiven by Hepliaklqana
 29380 | Shoals:4 | Identified the staff of Xom's Inspiration {rF++ rC+ Str-3
                  | Ice}
 29428 | Shoals:4 | Reached skill level 27 in Ice Magic
 29597 | Shoals:4 | Reached skill level 1 in Staves
 29948 | Shoals:4 | Noticed Nikola
 29959 | Shoals:4 | Killed Nikola
 30101 | Shoals:4 | Reached skill level 5 in Spellcasting
 30104 | Shoals:4 | Reached skill level 5 in Fighting
 30109 | Shoals:4 | Reached XP level 17. HP: 59/126 MP: 5/23
 30355 | Shoals:4 | Got a barnacled rune of Zot
 30632 | Shoals:1 | Found Usuz's Book Boutique.
 31148 | Elf:1    | Entered Level 1 of the Elven Halls
 31167 | Elf:1    | Found a radiant altar of Vehumet.
 31199 | Elf:1    | Found Fastraesi's Magic Scroll Shop.
 31201 | Elf:1    | Found Erugocw's Magic Scroll Boutique.
 31204 | Elf:1    | Found Mumiapimol's Armour Shop.
 31317 | Elf:1    | Found a magical portal.
 31318 | Elf:1    | Noticed Donald
 31323 | Elf:1    | Killed Donald
 31347 | WizLab   | Entered Eringya's Formal Garden
 31803 | WizLab   | Paralysed by a fenstrider witch for 3 turns
 31875 | WizLab   | Noticed a deep elf master archer
 31877 | WizLab   | Killed a deep elf master archer
 31969 | WizLab   | Noticed a deep elf master archer
 31972 | WizLab   | Killed a deep elf master archer
 31972 | WizLab   | Reached ****** piety under Cheibriados
 32018 | WizLab   | Found a blossoming altar of Fedhas.
 32106 | WizLab   | Identified the +12 quarterstaff of Naclut {spect, rF+}
 32457 | Elf:1    | Reached XP level 18. HP: 139/145 MP: 23/28
 32896 | Elf:1    | Found a portal to a secret trove of treasure.
 32955 | Elf:1    | Bought a scroll of fear for 60 gold pieces
 32957 | Elf:1    | Bought a scroll of fear for 76 gold pieces
 32957 | Elf:1    | Bought a scroll of fear for 76 gold pieces
 32957 | Elf:1    | Bought a scroll of fear for 76 gold pieces
 33010 | Elf:1    | You paid a toll of 4 scrolls of fear to enter a treasure
                  | trove
 33011 | Trove    | Entered a treasure trove
 33060 | Trove    | Identified the +2 pair of gloves "Fyqou" {rElec rF+ rC+}
 33073 | Trove    | Identified the +1 leather armour of the Sky {rPois Int+2}
 33322 | Elf:1    | Noticed Zenata
 33327 | Elf:1    | Killed Zenata
 33530 | Elf:2    | Found Koackoplo's Weapon Shoppe.
 33534 | Elf:2    | Reached skill level 10 in Fighting
 33546 | Elf:2    | Found a flickering gateway to a bazaar.
 33555 | Bazaar   | Entered a bazaar
 33557 | Bazaar   | Found Qihimi's Antique Weapon Boutique.
 33561 | Bazaar   | Found Recapp's Antique Weapon Boutique.
 33561 | Bazaar   | Found Motuattuma's Jewellery Boutique.
 33562 | Bazaar   | Found Gemusuo's Magic Scroll Boutique.
 33637 | Elf:2    | Reached skill level 10 in Evocations
 33894 | Elf:2    | Found Luod's Armour Shop.
 34056 | Elf:2    | Found Qohuros's General Store.
 34085 | Elf:2    | Found Farphuceu's Armour Shop.
 34260 | Elf:2    | Found a large runed translucent door.
 34260 | Elf:2    | Found a large runed translucent door.
 34332 | Elf:2    | Found a large runed translucent door.
 34332 | Elf:2    | Found a large runed translucent door.
 34515 | Elf:3    | Entered Level 3 of the Elven Halls
 35180 | Elf:3    | Found Wauzolo's Weapon Shoppe.
 35454 | Elf:3    | Noticed a deep elf blademaster
 35457 | Elf:3    | Killed a deep elf blademaster
 35458 | Elf:3    | Reached skill level 10 in Spellcasting
 35536 | Elf:3    | Identified the +5 quarterstaff of Ynkel {venom, rElec rF+
                  | Will+}
 35541 | Elf:3    | Reached skill level 1 in Armour
 35541 | Elf:3    | Noticed a deep elf blademaster
 35543 | Elf:3    | Reached XP level 19. HP: 154/154 MP: 10/32
 35588 | Elf:3    | Noticed an Ice Fiend
 35716 | Elf:3    | Identified the ring "Efeukh" {Contam rElec rN+ AC+4 Int+5}
 35803 | Elf:3    | Reached skill level 5 in Armour
 35869 | Elf:3    | Identified the +5 quarterstaff of the Feather {speed,
                  | Contam rPois rC- SInv}
 35892 | Elf:3    | Identified the +0 war axe of Crusades {flame, rElec rC+
                  | Str+4 Int+3}
 35987 | Elf:3    | Identified the +0 hat "Lohos" {rF- rN+ Str+3}
 35997 | Elf:3    | Identified the +2 cloak "Kaesmir" {+Blink rPois Str+5
                  | Int-3}
 36548 | Elf:3    | Found the +7 hand cannon "Mule" {flame, backblast, rF+}
 36555 | Elf:3    | Identified the staff "Ilajyq" {rN+ Str+6 Necro}
 36569 | Elf:3    | Identified the staff "Woohee" {rF+ rCorr SInv Fire}
 36580 | Elf:3    | Got a grimy book
 36933 | Vaults:1 | Entered Level 1 of the Vaults
 38315 | Vaults:1 | Reached skill level 10 in Armour
 38868 | Vaults:2 | Reached XP level 20. HP: 161/161 MP: 33/33
 38961 | Vaults:2 | Reached skill level 5 in Staves
 39887 | Vaults:3 | Identified the +2 broad axe "Dadiem" {holy, *Corrode MP+9
                  | Int+6}
 39932 | Vaults:3 | Noticed a dread lich
 40122 | Vaults:3 | Noticed Sojobo
 40201 | Vaults:3 | Paralysed by a dread lich for 3 turns
 40211 | Vaults:3 | Killed a dread lich
 41842 | Vaults:3 | Found a staircase to the Crypt.
 42078 | Vaults:3 | Reached XP level 21. HP: 174/174 MP: 29/34
 42205 | Vaults:3 | Acquired 926 gold pieces
 42458 | Orc:2    | Bought the +8 orange crystal plate armour {Archmagi, Int+3
                  | Clar} for 3901 gold pieces
 42458 | Orc:2    | Found the +8 orange crystal plate armour {Archmagi, Int+3
                  | Clar}
 42815 | Vaults:3 | Killed Sojobo
 43329 | Vaults:3 | Acquired Toonir's Directory of Macabre Arcane Combat
 43337 | Vaults:3 | Learned a level 5 spell: Irradiate
 43337 | Vaults:3 | Acquired the +5 crystal plate armour "Voguv" {Harm rF+
                  | Int+2}
 44595 | Vaults:4 | Found Miphast's Weapon Emporium.
 45358 | Depths:1 | Entered Level 1 of the Depths
 45746 | Depths:1 | Reached skill level 1 in Transmutations
 45791 | Depths:1 | Reached skill level 1 in Conjurations
 46320 | Depths:1 | Found a gateway to Hell.
 46512 | Depths:1 | Reached XP level 22. HP: 181/181 MP: 15/35
 46911 | Depths:2 | Reached skill level 5 in Transmutations
 47018 | Depths:2 | Reached skill level 5 in Conjurations
 47057 | Depths:2 | Found a one-way gateway to a ziggurat.
 47939 | Depths:2 | Identified the +5 great sword "Ruonk" {pain, +Blink Fly
                  | rElec Int-4}
 48217 | Depths:2 | Identified the +10 long sword of the Doomed Warrior {elec,
                  | Dex+4}
 48414 | Depths:2 | Found a one-way gate leading to the halls of Pandemonium.
 48738 | Depths:3 | Found Lanoimm's Demolitions Depot.
 48783 | Depths:3 | Found a one-way gate to the infinite horrors of the Abyss.
 50040 | Depths:3 | Reached XP level 23. HP: 163/188 MP: 19/36
 50071 | Depths:3 | Noticed a golden dragon
 50074 | Depths:3 | Killed a golden dragon
 50078 | Depths:3 | Noticed a caustic shrike
 50081 | Depths:3 | Noticed a golden dragon
 50092 | Depths:3 | Killed a golden dragon
 50180 | Depths:3 | Identified the +7 great sword "Vijil" {flame, Str-5 Int+5}
 50313 | Depths:3 | Noticed a juggernaut
 50481 | Depths:3 | Noticed a caustic shrike
 50482 | Depths:3 | Noticed a caustic shrike
 50482 | Depths:3 | Noticed a caustic shrike
 50486 | Depths:3 | Noticed a shard shrike
 50486 | Depths:3 | Noticed a caustic shrike
 50770 | Depths:3 | Reached skill level 10 in Transmutations
 51087 | Depths:3 | Killed a caustic shrike
 51088 | Depths:3 | Reached skill level 10 in Conjurations
 51089 | Depths:3 | Killed a caustic shrike
 51090 | Depths:3 | Killed a caustic shrike
 51090 | Depths:3 | Killed a caustic shrike
 51094 | Depths:3 | Killed a caustic shrike
 51226 | Depths:3 | Killed a juggernaut
 51336 | Depths:3 | Paralysed by a sphinx for 2 turns
 51410 | Depths:3 | Noticed a golden dragon
 51412 | Depths:3 | Noticed a dread lich
 51423 | Depths:3 | Killed a dread lich
 51430 | Depths:3 | Killed a golden dragon
 51507 | Depths:3 | Identified the +5 scale mail "Tynafiop" {rElec rPois Dex+2}
 51607 | Depths:3 | Noticed a juggernaut
 51611 | Depths:3 | Killed a juggernaut
 51831 | Depths:4 | Entered Level 4 of the Depths
 52475 | Depths:4 | Noticed a caustic shrike
 52475 | Depths:4 | Noticed a caustic shrike
 52477 | Depths:4 | Killed a caustic shrike
 52478 | Depths:4 | Killed a caustic shrike
 52478 | Depths:4 | Noticed a caustic shrike
 52482 | Depths:4 | Killed a caustic shrike
 52713 | Depths:4 | Noticed a caustic shrike
 52713 | Depths:4 | Noticed a caustic shrike
 52714 | Depths:4 | Noticed a caustic shrike
 52717 | Depths:4 | Killed a caustic shrike
 52717 | Depths:4 | Killed a caustic shrike
 52717 | Depths:4 | Killed a caustic shrike
 53130 | Depths:4 | Found a gate to the Realm of Zot.
 53135 | Depths:4 | Reached XP level 24. HP: 200/200 MP: 36/36
 53693 | Snake:3  | Bought a ring of willpower for 275 gold pieces
 53693 | Snake:3  | Bought the ring of Noinnaer {rN+ rCorr Int+6 Dex-2} for 534
                  | gold pieces
 53838 | Slime:1  | Entered Level 1 of the Pits of Slime
 53974 | Slime:5  | Entered Level 5 of the Pits of Slime
 53981 | Slime:5  | Reached XP level 25. HP: 206/206 MP: 12/36
 54370 | Slime:5  | Noticed the Royal Jelly
 54377 | Slime:5  | Killed the Royal Jelly
 54737 | Slime:5  | Identified the ring "Voenyzyi" {rC+ rN+ Dex+6 Slay+3}
 54761 | Slime:5  | Identified the +4 arbalest "Toujo" {elec, rF+}
 54835 | Slime:5  | Got an engraved book
 54981 | Slime:5  | Identified the ring of Qurir {rPois EV+5 Str-4 Int+4}
 54984 | Slime:5  | Identified the +7 shortbow "Uryila" {flame, rF+ rC+}
 54999 | Slime:5  | Got a slimy rune of Zot
 55219 | Slime:5  | Identified the ring of Ruzaw {rF+ rN+ Int+4 Dex+2 Slay+3}
 55222 | Slime:5  | Identified the staff of the Grave {rN+ rCorr Necro}
 55223 | Slime:5  | Identified the +8 arbalest "Plog" {penet, rN+ Str-2 Int+5}
 55238 | Slime:5  | Identified the +0 scale mail "Ato Tar" {Harm rN+}
 55819 | Vaults:5 | Entered Level 5 of the Vaults
 55819 | Vaults:5 | Noticed Mennas
 55824 | Vaults:5 | Killed Mennas
 55884 | Vaults:5 | Noticed Saint Roka
 55889 | Vaults:5 | Killed Saint Roka
 56032 | Vaults:5 | Noticed an ancient lich
 56039 | Vaults:5 | Killed an ancient lich
 56212 | Vaults:5 | Found Turr's Magic Scroll Boutique.
 56217 | Vaults:5 | Bought a scroll of blinking for 105 gold pieces
 56224 | Vaults:5 | Found Kekhot's Magic Scroll Boutique.
 56229 | Vaults:5 | Bought a scroll of torment for 95 gold pieces
 56245 | Vaults:5 | Found Piruedd's Distillery.
 56273 | Vaults:5 | Found Qiciqin's Distillery.
 56284 | Vaults:5 | Bought a potion of heal wounds for 65 gold pieces
 56284 | Vaults:5 | Bought a potion of heal wounds for 65 gold pieces
 56445 | Vaults:5 | Found Finebro's General Store.
 56451 | Vaults:5 | Identified the +0 hat of Jurruton {rN++}
 56463 | Vaults:5 | Bought a scroll of fear for 56 gold pieces
 56463 | Vaults:5 | Bought a potion of invisibility for 112 gold pieces
 56694 | Vaults:5 | Found Xiliapna's Distillery.
 56763 | Vaults:5 | Bought a potion of heal wounds for 75 gold pieces
 56763 | Vaults:5 | Bought a potion of resistance for 150 gold pieces
 56839 | Vaults:5 | Reached XP level 26. HP: 174/217 MP: 10/40
 57067 | Vaults:5 | Got a silver rune of Zot
 57245 | Vaults:5 | Found Kiddibab's Jewellery Boutique.
 57248 | Vaults:5 | Noticed an ancient lich
 57423 | Vaults:5 | Killed an ancient lich
 57551 | Vaults:5 | Found Pawuvah's Distillery.
 57595 | Vaults:5 | Bought a potion of resistance for 150 gold pieces
 57595 | Vaults:5 | Bought a potion of cancellation for 120 gold pieces
 57628 | Vaults:5 | Identified the +0 ring mail of Courage {Int+4 Slay-4}
 57993 | Depths:2 | Reached skill level 15 in Spellcasting
 58012 | Zig:1    | Entered Level 1 of a ziggurat
 58025 | Zig:2    | Entered Level 2 of a ziggurat
 58035 | Zig:3    | Entered Level 3 of a ziggurat
 58035 | Zig:3    | Noticed an orb of fire
 58041 | Zig:3    | Killed an orb of fire
 58091 | Zig:4    | Entered Level 4 of a ziggurat
 58402 | Zig:4    | Reached XP level 27. HP: 225/226 MP: 41/41
 58406 | Zig:5    | Entered Level 5 of a ziggurat
 58407 | Zig:5    | Noticed a juggernaut
 58407 | Zig:5    | Noticed a juggernaut
 58412 | Zig:5    | Killed a juggernaut
 58412 | Zig:5    | Killed a juggernaut
 58413 | Zig:5    | Reached skill level 15 in Fighting
 58544 | Zig:6    | Entered Level 6 of a ziggurat
 58633 | Zig:7    | Entered Level 7 of a ziggurat
 58642 | Zig:7    | Reached skill level 15 in Armour
 58659 | Zig:7    | Identified the ring of Mocoq {Ice rN+ Str+4 Int-3}
 58686 | Zig:8    | Entered Level 8 of a ziggurat
 58790 | Zig:8    | Found the +3 warlock's mirror {omnireflect}
 58817 | Zig:8    | Identified the ring of Jikhatru {rElec rF+ rC+ Int+3}
 58820 | Zig:8    | Identified the +0 hand axe "Noulukh" {drain, rElec Str+2}
 58847 | Zig:9    | Entered Level 9 of a ziggurat
 58850 | Zig:9    | Paralysed by a wendigo for 1 turns
 58871 | Zig:9    | Identified the staff of Excruciating Pain {+Blink Str+6
                  | Conj}
 58887 | Zig:9    | Identified the +4 chain mail of Anarchy {rPois Regen+ Str-2
                  | Stlth+}
 58892 | Zig:9    | Identified the +0 plate armour "Tibbelenk" {Str+6 Int+5
                  | Dex-2}
 58926 | Zig:10   | Entered Level 10 of a ziggurat
 59128 | Zig:10   | Identified the +10 plate armour of Laffyff {*Corrode rN+
                  | Regen+}
 59157 | Zig:11   | Entered Level 11 of a ziggurat
 59160 | Zig:11   | Noticed a dread lich
 59162 | Zig:11   | Noticed a dread lich
 59163 | Zig:11   | Noticed an ancient lich
 59164 | Zig:11   | Noticed a dread lich
 59169 | Zig:11   | Noticed a dread lich
 59169 | Zig:11   | Noticed a dread lich
 59173 | Zig:11   | Killed an ancient lich
 59173 | Zig:11   | Killed a dread lich
 59176 | Zig:11   | Killed a dread lich
 59178 | Zig:11   | Killed a dread lich
 59179 | Zig:11   | Noticed a dread lich
 59259 | Zig:11   | Identified the +7 spear of Misery {holy, rC+ Dex+6}
 59317 | Zig:12   | Entered Level 12 of a ziggurat
 59341 | Zig:12   | Found the +6 lightning scales {swift, rElec}
 59513 | Zig:12   | Identified the ring of Paranoia {rElec rF+ rCorr Str-5
                  | Dex+3}
 59520 | Zig:12   | Identified the +3 lajatang of Moqinete {spect, Dex+3}
 59568 | Zig:13   | Entered Level 13 of a ziggurat
 59651 | Zig:13   | Found the +11 plutonium sword {Contam Stlth-}
 59657 | Zig:13   | Got a foxed book
 59680 | Zig:13   | Identified the amulet of Uceeprod {rElec rPois Regen+
                  | Dex+3}
 59733 | Zig:14   | Entered Level 14 of a ziggurat
 59820 | Zig:14   | Identified the staff "Xism" {rPois rCorr MP+9 Stlth-
                  | Poison}
 59825 | Zig:14   | Acquired 616 gold pieces
 59835 | Zig:14   | Identified the +6 glaive "Lacertilianslayer" {protect,
                  | rPois rC+ Str-5 Dex+5}
 59888 | Zig:15   | Entered Level 15 of a ziggurat
 59899 | Zig:15   | Noticed Miequdghi the pandemonium lord
 59900 | Zig:15   | Noticed Fufitzuka the pandemonium lord
 59901 | Zig:15   | Noticed Koesoud the pandemonium lord
 59903 | Zig:15   | Killed Koesoud the pandemonium lord
 59904 | Zig:15   | Killed Fufitzuka the pandemonium lord
 59909 | Zig:15   | Killed Miequdghi the pandemonium lord
 59933 | Zig:15   | Identified the ring "Tunteegh" {MP+9 Int+4}
 59955 | Zig:15   | Identified the +1 chain mail "Veemuuda" {Harm Rampage Int-4
                  | Slay+3}
 59958 | Zig:15   | Identified the +5 hand cannon of Execution {penet, rF+
                  | rCorr}
 60038 | Zig:16   | Entered Level 16 of a ziggurat
 60043 | Zig:16   | Noticed an orb of fire
 60046 | Zig:16   | Noticed an orb of fire
 60046 | Zig:16   | Noticed an orb of fire
 60050 | Zig:16   | Killed an orb of fire
 60051 | Zig:16   | Killed an orb of fire
 60051 | Zig:16   | Killed an orb of fire
 60052 | Zig:16   | Noticed an orb of fire
 60057 | Zig:16   | Killed an orb of fire
 60073 | Zig:16   | Noticed an orb of fire
 60077 | Zig:16   | Killed an orb of fire
 60083 | Zig:16   | Reached skill level 10 in Staves
 60083 | Zig:16   | Noticed an orb of fire
 60087 | Zig:16   | Killed an orb of fire
 60106 | Zig:16   | Identified the +10 great mace of Drought {heavy, rPois
                  | Will+++ Str-3 Stlth+}
 60109 | Zig:16   | Identified the staff "Seul" {rPois Str-2 Dex+4 SInv Conj}
 60113 | Zig:16   | Identified the +4 trident "Esynkun" {elec, rF+ Dex+4}
 60124 | Zig:16   | Identified the +11 rapier of Embarrassment {venom, Int+4}
 60236 | Zig:17   | Entered Level 17 of a ziggurat
 60251 | Zig:17   | Noticed a royal mummy
 60251 | Zig:17   | Noticed a royal mummy
 60253 | Zig:17   | Noticed a royal mummy
 60253 | Zig:17   | Noticed a royal mummy
 60256 | Zig:17   | Killed a royal mummy
 60256 | Zig:17   | Killed a royal mummy
 60256 | Zig:17   | Noticed a royal mummy
 60258 | Zig:17   | Killed a royal mummy
 60258 | Zig:17   | Noticed a royal mummy
 60259 | Zig:17   | Reached skill level 15 in Evocations
 60259 | Zig:17   | Killed a royal mummy
 60259 | Zig:17   | Noticed a royal mummy
 60263 | Zig:17   | Killed a royal mummy
 60263 | Zig:17   | Killed a royal mummy
 60264 | Zig:17   | Killed a royal mummy
 60324 | Zig:17   | Found the +10 dark maul {heavy}
 60503 | Zig:17   | Identified the +1 broad axe of Contradiction {protect,
                  | rPois rC+}
 60509 | Zig:17   | Identified the +8 trident of Descent {flame, SInv}
 60514 | Zig:17   | Identified the +2 robe of the Cooper {Dex+4}
 60678 | Zig:18   | Entered Level 18 of a ziggurat
 60688 | Zig:18   | Noticed an orb of fire
 60694 | Zig:18   | Noticed an orb of fire
 60699 | Zig:18   | Killed an orb of fire
 60699 | Zig:18   | Killed an orb of fire
 60735 | Zig:18   | Got a murmuring book
 60743 | Zig:18   | Identified the +2 scale mail "Kofikir" {Rampage rF+ rCorr}
 60749 | Zig:18   | Identified the ring of Gihuwi Zyom {+Blink rF+ rN+ Will+
                  | Int-3}
 60753 | Zig:18   | Identified the +7 trident "Giantslayer" {chaos, +Blink
                  | Str+4 Dex-2}
 61081 | Crypt:1  | Entered Level 1 of the Crypt
 62459 | Crypt:2  | Noticed Margery
 62464 | Crypt:2  | Killed Margery
 62998 | Crypt:3  | Entered Level 3 of the Crypt
 63419 | Crypt:3  | Noticed an ancient lich
 63420 | Crypt:3  | Noticed Bai Suzhen
 63429 | Crypt:3  | Killed an ancient lich
 63439 | Crypt:3  | Killed Bai Suzhen
 63658 | Crypt:3  | Found a basalt altar of Yredelemnul.
 63917 | Crypt:3  | Found a staircase to the Tomb.
 64639 | Pan      | Entered Pandemonium
 64682 | Pan      | Entered the realm of Lom Lobon.
 65250 | Pan      | Noticed Lom Lobon
 65257 | Pan      | Killed Lom Lobon
 65355 | Pan      | Got a magical rune of Zot
 65787 | Pan      | Entered the realm of Mnoleg.
 66285 | Pan      | Reached skill level 5 in Dodging
 66321 | Pan      | Noticed Mnoleg
 66329 | Pan      | Killed Mnoleg
 66397 | Pan      | Got a glowing rune of Zot
 66454 | Pan      | Found an exit through the horrors of the Abyss.
 66557 | Pan      | Entered the realm of Cerebov.
 66827 | Pan      | Identified the +1 leather armour "Avvus" {rC+}
 67508 | Pan      | Found the +6 sword of Cerebov {flame}
 67508 | Pan      | Noticed Cerebov
 67619 | Pan      | Killed Cerebov
 67620 | Pan      | Reached skill level 10 in Dodging
 67641 | Pan      | Identified the +0 scale mail of Noughts and Crosses {rN+}
 67687 | Pan      | Identified the +7 short sword of the Endless March {freeze,
                  | rPois MP+9}
 67713 | Pan      | Got an upside-down book
 67752 | Pan      | Got a fiery rune of Zot
 67783 | Pan      | Identified the +7 short sword "Tormentor" {antimagic, SInv}
 67785 | Pan      | Identified the staff "Unwafyne" {rPois Str+4 Int-2 Dex-3
                  | Earth}
 68029 | Pan      | Learned a level 9 spell: Shatter
 68078 | Pan      | Reached skill level 1 in Earth Magic
 68466 | Pan      | Noticed Ityghagu the pandemonium lord
 68479 | Pan      | Entered the realm of Gloorx Vloq.
 68701 | Pan      | Reached skill level 5 in Earth Magic
 69225 | Pan      | Noticed Gloorx Vloq
 69235 | Pan      | Killed Gloorx Vloq
 69251 | Pan      | Got a dark rune of Zot
 69552 | Pan      | Noticed Aluneil the pandemonium lord
 69554 | Pan      | Killed Aluneil the pandemonium lord
 69570 | Pan      | Identified the +1 scale mail "Nenetyops" {Harm rF+ MP+9}
 69813 | Pan      | Noticed Ylotacei the pandemonium lord
 69818 | Pan      | Reached skill level 10 in Earth Magic
 69820 | Pan      | Killed Ylotacei the pandemonium lord
 69864 | Pan      | Got a demonic rune of Zot
 70289 | Pan      | Noticed Tavimof the pandemonium lord
 70297 | Pan      | Killed Tavimof the pandemonium lord
 70386 | Pan      | Identified the +1 leather armour of the Game of Life {Harm
                  | rF++ rC+ Dex+2}
 70545 | Pan      | Found an exit through the horrors of the Abyss.
 70582 | Pan      | Took an exit into the Abyss.
 70582 | Abyss:1  | Escaped into the Abyss
 70582 | Abyss:1  | Found a corrupted altar of Lugonu.
 70606 | Abyss:1  | Found a corrupted altar of Lugonu.
 70739 | Abyss:1  | Noticed a dread lich
 70746 | Abyss:1  | Killed a dread lich
 70822 | Abyss:1  | Found a corrupted altar of Lugonu.
 70921 | Abyss:1  | Noticed an ancient lich
 70927 | Abyss:1  | Killed an ancient lich
 71007 | Abyss:1  | Found a corrupted altar of Lugonu.
 71016 | Abyss:1  | Found a corrupted altar of Lugonu.
 71087 | Depths:2 | Escaped the Abyss
 71297 | Abyss:6  | Cast into level 6 of the Abyss (unwielding a weapon of
                  | distortion)
 71383 | Abyss:6  | Paralysed by you for 3 turns
 71430 | Abyss:6  | Got an abyssal rune of Zot
 71688 | Vaults:2 | Escaped the Abyss
 71982 | Hell     | Entered the Vestibule of Hell
 71982 | Hell     | Noticed Geryon
 71987 | Hell     | Killed Geryon
 72051 | Hell     | Noticed Murray
 72058 | Hell     | Killed Murray
 72835 | Hell     | Found a gateway to the Iron City of Dis.
 73047 | Hell     | Found a gateway to the ashen valley of Gehenna.
 73152 | Geh:1    | Entered Level 1 of Gehenna
 73196 | Geh:1    | Reached skill level 15 in Earth Magic
 73544 | Geh:4    | You fall into a shaft and drop 2 floors!
 73735 | Geh:7    | Entered Level 7 of Gehenna
 73933 | Geh:7    | Noticed the Serpent of Hell
 73941 | Geh:7    | Killed the Serpent of Hell
 74241 | Geh:7    | Found the +13 sceptre of Asmodeus
 74241 | Geh:7    | Noticed Asmodeus
 74262 | Geh:7    | Killed Asmodeus
 74310 | Geh:7    | Got an obsidian rune of Zot
 74503 | Geh:7    | Identified the +1 pair of boots "Cohinen" {rF+ Regen+
                  | Str-3}
 74588 | Geh:7    | Identified the +5 ring mail of the Learner {+Blink}
 74834 | Dis:1    | Entered Level 1 of the Iron City of Dis
 75537 | Hell     | Found a gateway to the decaying netherworld of Tartarus.
 75566 | Hell     | Found a gateway to the freezing wastes of Cocytus.
 75612 | Hell     | Learned a level 6 spell: Bombard
 75818 | Zot:1    | Entered Level 1 of the Realm of Zot
 77197 | Zot:2    | Noticed Parghit
 77205 | Zot:2    | Killed Parghit
 77340 | Zot:2    | Noticed an orb of fire
 77346 | Zot:2    | Killed an orb of fire
 79121 | Zot:4    | Identified the +0 ring mail of Noon {+Blink rElec Will-}
 80104 | Zot:5    | Entered Level 5 of the Realm of Zot
 80166 | Zot:5    | Identified the +5 scimitar "Nualo" {venom, rC+ rN++ MP-9
                  | Int+2}
 80876 | Zot:5    | Noticed an orb of fire
 80876 | Zot:5    | Noticed an orb of fire
 80876 | Zot:5    | Noticed an orb of fire
 80880 | Zot:5    | Noticed an ancient lich
 80882 | Zot:5    | Noticed an orb of fire
 80884 | Zot:5    | Noticed an orb of fire
 80885 | Zot:5    | Killed an orb of fire
 80889 | Zot:5    | Noticed an orb of fire
 80889 | Zot:5    | Noticed an orb of fire
 80890 | Zot:5    | Killed an orb of fire
 80890 | Zot:5    | Killed an orb of fire
 80890 | Zot:5    | Killed an orb of fire
 80890 | Zot:5    | Killed an orb of fire
 80893 | Zot:5    | Killed an ancient lich
 80895 | Zot:5    | Killed an orb of fire
 81294 | Zot:5    | Killed an orb of fire
 81295 | Zot:5    | Reached skill level 27 in Earth Magic
 81388 | Zot:5    | Noticed an orb of fire
 81390 | Zot:5    | Noticed an orb of fire
 81395 | Zot:5    | Noticed an orb of fire
 81397 | Zot:5    | Killed an orb of fire
 81397 | Zot:5    | Noticed an orb of fire
 81398 | Zot:5    | Killed an orb of fire
 81405 | Zot:5    | Killed an orb of fire
 81407 | Zot:5    | Noticed a dread lich
 81644 | Zot:5    | Noticed an ancient lich
 81661 | Zot:5    | Killed a dread lich
 81673 | Zot:5    | Killed an ancient lich
 81730 | Zot:5    | Killed an orb of fire
 82595 | Dis:2    | You fall into a shaft and drop 1 floor!
 83798 | Dis:5    | Learned a level 8 spell: Lehudib's Crystal Spear
 83960 | Dis:7    | Entered Level 7 of the Iron City of Dis
 85114 | Dis:7    | Identified the staff "Peludaw" {rElec rF+ rC+ Tmut Air}
 85134 | Dis:7    | Found the +7 great mace "Undeadhunter" {deathbane, rN+}
 85350 | Dis:7    | Noticed Dispater
 85358 | Dis:7    | Killed Dispater
 85432 | Dis:7    | Found the +9 staff of Olgreb {rPois∞}
 85560 | Dis:7    | Got an iron rune of Zot
 86303 | Dis:7    | Identified the +10 mace of Gomu {holy, rN+ Stlth+}
 86755 | Dis:7    | Identified the +0 plate armour of Dust Devil {Harm rPois
                  | rF+}
 86762 | Dis:7    | Identified the +4 demon blade of the Insatiable Priests
                  | {drain, *Noise rPois rC+ Str+6}
 86782 | Dis:7    | Identified the ring "Byufyecw" {rN+ Int+2 SInv}
 86972 | Tar:1    | Entered Level 1 of Tartarus
 87327 | Tar:3    | You fall into a shaft and drop 3 floors!
 87503 | Tar:7    | Entered Level 7 of Tartarus
 88087 | Tar:7    | Reached skill level 27 in Spellcasting
 88164 | Tar:7    | Identified the ring "Couh" {Fly rPois rC+ AC+4}
 88169 | Tar:7    | Identified the +7 battleaxe of Dithmenos's Delight {freeze,
                  | Int+3}
 88409 | Tar:7    | Noticed Ereshkigal
 88412 | Tar:7    | Killed Ereshkigal
 88433 | Tar:7    | Got a bone rune of Zot
 88633 | Tar:7    | Identified the +9 orcbow of Baref {drain, rCorr Str-3
                  | Int+3}
 88639 | Tar:7    | Identified the +0 robe of Deunurph Icirgh {Harm Will+}
 88641 | Tar:7    | Identified the +6 short sword of Judgement {drain, rF+ rC+
                  | Will+}
 88651 | Tar:7    | Identified the ring of the Tsukumogami {rF+ AC+4 Slay+3
                  | SInv}
 88791 | Coc:1    | Entered Level 1 of Cocytus
 89469 | Coc:7    | Entered Level 7 of Cocytus
 89845 | Coc:7    | Identified the +10 long sword of Conservatism {vamp, rF+
                  | Dex+5}
 89845 | Coc:7    | Noticed Antaeus
 89875 | Coc:7    | Paralysed by a wendigo for 1 turns
 90239 | Coc:7    | Killed Antaeus
 90403 | Coc:7    | Identified the ring "Hero's Friend" {Fly rElec MP-9 Str+5
                  | Int+6}
 90430 | Coc:7    | Got an icy rune of Zot
 90433 | Coc:7    | Identified the staff of Crusades {rN+ Will+ MP+9 Int+3
                  | Dex+3 Necro}
 90440 | Coc:7    | Identified the +8 war axe "Zipes" {spect, Int+2}
 90462 | Coc:7    | Identified the +5 scale mail of the Beginning {rCorr Str+2}
 90492 | Coc:7    | Paralysed by a wendigo for 1 turns
 90498 | Coc:7    | Paralysed by a wendigo for 1 turns
 90504 | Coc:7    | Paralysed by a wendigo for 1 turns
 90737 | Coc:7    | Paralysed by a wendigo for 1 turns
 91244 | Tomb:1   | Entered Level 1 of the Tomb of the Ancients
 91335 | Tomb:1   | Paralysed by a sphinx for 5 turns
 91343 | Tomb:1   | Paralysed by a sphinx for 3 turns
 91910 | Tomb:2   | Noticed a royal mummy
 91910 | Tomb:2   | Noticed a royal mummy
 91910 | Tomb:2   | Noticed a royal mummy
 91910 | Tomb:2   | Noticed a royal mummy
 91912 | Tomb:2   | Killed a royal mummy
 91912 | Tomb:2   | Killed a royal mummy
 91912 | Tomb:2   | Killed a royal mummy
 91912 | Tomb:2   | Killed a royal mummy
 92234 | Tomb:1   | Noticed a royal mummy
 92237 | Tomb:1   | Killed a royal mummy
 92294 | Tomb:1   | Noticed a royal mummy
 92309 | Tomb:1   | Killed a royal mummy
 92310 | Tomb:1   | Reached skill level 27 in Evocations
 92577 | Tomb:3   | Entered Level 3 of the Tomb of the Ancients
 92616 | Tomb:3   | Noticed a royal mummy
 92616 | Tomb:3   | Noticed a royal mummy
 92616 | Tomb:3   | Noticed a royal mummy
 92616 | Tomb:3   | Noticed a royal mummy
 92617 | Tomb:3   | Noticed a royal mummy
 92617 | Tomb:3   | Noticed a royal mummy
 92617 | Tomb:3   | Noticed a royal mummy
 92617 | Tomb:3   | Noticed a royal mummy
 92617 | Tomb:3   | Noticed a royal mummy
 92619 | Tomb:3   | Killed a royal mummy
 92619 | Tomb:3   | Killed a royal mummy
 92619 | Tomb:3   | Killed a royal mummy
 92620 | Tomb:3   | Killed a royal mummy
 92620 | Tomb:3   | Killed a royal mummy
 92620 | Tomb:3   | Killed a royal mummy
 92620 | Tomb:3   | Killed a royal mummy
 92622 | Tomb:3   | Killed a royal mummy
 92622 | Tomb:3   | Killed a royal mummy
 92944 | Tomb:3   | Identified the +3 arbalest "Tacuz" {freeze, rElec Int-4
                  | Dex+6}
 93008 | Tomb:3   | Got a golden rune of Zot
 93071 | Tomb:3   | Found the +3 pair of seven-league boots {Rampage+∞}
 93120 | Tomb:3   | Identified the +4 halberd of Grandeur {flame, rC+}
 93128 | Tomb:3   | Identified the +11 mace of the Several Souls {venom, Contam
                  | rElec Will+ Dex+3}
 93166 | Tomb:3   | Identified the ring of Nioruuhu {Fire Fly rPois Slay-3
                  | Stlth+}
 93912 | Zot:5    | Got the Orb of Zot
 94005 | Zot:1    | Noticed Onifroul the pandemonium lord
 94009 | Zot:1    | Killed Onifroul the pandemonium lord
 94461 | D:1      | gg
 94462 | D:$      | Escaped with the Orb!

Illustrated notes

......................##.###.....
............#####........####.#'#
..........###...###.......##.##.#
.#.......###......##..###....##..
.#.......#####....##..#####.##..⌠
........##.#≈#.###.##..# #.##.⌠∩
........#..)#)..≈#..#..# ##.+...⌠
.......©#....}_.##.©#©.###..###..
....##..#..)†.).@)..#......## ###
....###.##..#≈#.R..##..##..# ##
###.###..#..###....#..###..# #.
##.##..###.#....##..####.## ##.
##...##..###.©.###....###..###..
##..........#####...............#
#....................#...#####.##
..#...................#.## ##...#
##........#..###........# #..#..


Turn 10097 on D:11: he will be baptized #.# #.# #.# ###.###### #......S.#
#........# #......[$# #..@.....# #.......S# ########## Turn 23226 on Snake:3:
good bye, mr hunt # #.....................# #.# # #.....###############.# #(# #
#.....#.............#.# #.# # #.....#........(....#.# #.# #
#.....#.....(.......#.# #.# # ####..#######†#######.# #.# # #..#......†......#.#
#.# # #..+⌠....###....⌠'.# #.# # #..#......@......#.# #.# #..#..⌠...>...⌠..#.#
#.# #####..###+#######'###.# #.# #......................# #.#
#.###.........#############.## ##.# ######.#.######..........## ##..#
#..................... #..## #.#########.#########. #.## #.#....# #.# #. Turn
94461 on D:1: gg

Levels and vault maps discovered:
D:1:      dpeg_arrival_caged_fury, layout_basic
D:2:      layout_basic, basic_altar, chequers_ecumenical_altar_simple,
          uniq_sigmund, uniq_jessica
D:3:      layout_basic, minivault_24, minmay_distorted, uniq_natasha,
          uniq_grinder
D:4:      layout_rooms, mainiacjoe_overflow_paths,
          minmay_temple_entry_antechambers, fountainhead
D:5:      layout_loops_cross, mainiacjoe_overflow_cross_hatched,
          mainiacjoe_overflow_chevrons, minmay_misc_feat_nine_boxes,
          uniq_menkaure
D:6:      layout_cave_pods
D:7:      layout_rooms, mainiacjoe_overflow_alcove_2
D:8:      layout_basic, nicolae_overflow_squiral,
          mainiacjoe_overflow_concentric_impassable
D:9:      layout_roguey, david_lair_shrubbed, orc_0_dummy
D:10:     lemuel_flame_loot_2, layout_loops_cross,
          nicolae_qazlal_scattered_showers, mainiacjoe_overflow_divided_tiny,
          ebering_ghost_xom, serial_shops, shop, uniq_harold, uniq_fannar,
          uniq_erolcha
D:11:     layout_layer_cave, gammafunk_ghost_wrathful_warriors, serial_shops,
          nicolae_shop_rolling_square
D:12:     argonaut_augean_stables, layout_long_grid, uniq_nessos
D:13:     layout_irregular_city, erik_vaults_1, uniq_josephine
D:14:     layout_small_grid, gammafunk_ghost_split, serial_demonic,
          serial_demonic_b, serial_demonic_c, serial_demonic_a,
          serial_demonic_b, drop_trap
D:15:     grunt_enter_depths_snipers, layout_rooms, hangedman_decor_points
Temple:   nicolae_temple_slightly_damp_pantheon
Lair:1:   dreamdust_isle_of_ice, layout_cave_pods, uniq_amaemon
Lair:2:   layout_misc_corridors, shoals_dummy_entry
Lair:3:   layout_cave_pods, minmay_snake_entry_six_corridors, kennysheep_rathole
Lair:4:   layout_hall_layers, infiniplex_staircase_pool, grunt_megastairs_3,
          lemuel_fruit_fields
Lair:5:   cheibrodos_lair_end_hotspot, layout_regular_city,
          nicolae_slime_entry_field_trip
Shoals:1: layout_shoals, serial_shops, shop
Shoals:2: nzn_motion_control, layout_shoals, uniq_jorgrun
Shoals:3: layout_shoals, portal_ice_cave_entry_ice_statue_one,
          nicolae_shoals_shepherds
Shoals:4: shoals_end_grunt_ice, layout_shoals, shoals_ilsuiw_ice, uniq_nikola,
          uniq_mara
Snake:1:  layout_misc_corridors, special_room, serial_bayou_shore_b,
          uniq_mlioglotl, uniq_louise
Snake:2:  layout_cave_shapes, nicolae_stop_n_shop_1, nicolae_snake_squiggles,
          drop_trap
Snake:3:  layout_basic, serial_shops, nicolae_lakefront_shop,
          serial_bayou_lagoon_a
Snake:4:  minmay_snake_end_coiled, layout_cave_town, gammafunk_ghost_cemetery,
          uniq_kirke
Slime:1:  layout_caves
Slime:2:  nicolae_slime_infinislime, layout_caves, basic_altar
Slime:3:  layout_caves, nicolae_slime_phagocytosis
Slime:4:  layout_caves
Slime:5:  slime_pit_nicolae_inversion
Orc:1:    layout_caves, nicolae_volcano_entry_lava_flow, minmay_orc_barracks
Orc:2:    st_orc_rangers, layout_diamond_mine, ebering_ghost_gozag,
          dreamdust_deal_with_the_devil
Elf:1:    eino_elf_arrival_altar, layout_geoelf_grid, mu_enter_wizlab_6,
          enter_trove_3, minmay_elf_crystal_heptagon, solitary_fountain,
          minmay_shop_star, uniq_zenata, uniq_donald
Elf:2:    elven_hall_of_blades_hangedman_alternative
          [nicolae_blade_entry_splitting_headache], layout_onion_city,
          serial_shops, bzr_entry_lakeside, nicolae_shop_bloodbath_and_beyond,
          shop, nicolae_shop_statue_plus, shop, minivault_16
Elf:3:    minmay_elf_hall_quartered_circle, layout_loops_corners, serial_shops,
          nicolae_shop_temple_entry_statues_fountains
Vaults:1: nicolae_vaults_sesquioval_fish, nicolae_vaults_three_branches,
          nicolae_vaults_little_guard_posts, nicolae_vaults_trapezoid_4,
          v_misc_5, vaults_mumra_minichess, nicolae_vaults_frosty_reception,
          nicolae_vaults_little_squares_3, nicolae_vaults_tetromino_L_1,
          vaults_room_semicircle, layout_vaults_quadrants
Vaults:2: nicolae_vaults_specimen_jars, nicolae_vaults_offset_grid_hallway_2,
          nicolae_vaults_prndl, hangedman_vaults_corner,
          vaults_standard_mumra_enter_the_diamond, nicolae_vaults_mitosis,
          ontoclasm_vaults_hangar, vaults_standard_mumra_x,
          nicolae_vaults_turnstiles, nicolae_vaults_apartment_1,
          ontoclasm_vaults_pinch, nicolae_vaults_asterisk,
          nicolae_vaults_house_3, layout_vaults_omnibox
Vaults:3: nicolae_vaults_wrenched, nicolae_vaults_what_the_h,
          nicolae_vaults_closet_pinwheel_4, hangedman_vaults_hard_town_square,
          nicolae_vaults_two_Ls, v_misc_1, minmay_crypt_entry_simple_box,
          nicolae_vaults_offset_grid_hallway_4,
          nicolae_vaults_storage_closets_2, vaults_room_corners,
          vaults_room_fancy_cross, v_misc_17, vaults_room_ringed_pool,
          layout_vaults_maze_bifur, uniq_sojobo
Vaults:4: hangedman_vaults_corner_blocks, nicolae_vaults_yaktaur_gun_rack,
          ontoclasm_vaults_tryst, nicolae_vaults_cochlea,
          nicolae_vaults_taking_the_gang_shopping, v_misc_31, v_misc_30,
          v_misc_2, vaults_room_corners, layout_vaults_omnicross
Vaults:5: serial_shops, uniq_mennas, uniq_saint_roka
Crypt:1:  layout_regular_city, grunt_megastairs_5, grunt_crypt_arrival_webbed
Crypt:2:  layout_basic, uniq_margery
Crypt:3:  cryptofortress_bobbens, uniq_bai_suzhen
Tomb:1
Tomb:2
Tomb:3
Depths:1: layout_gridville, hell_entry, corner_web_ring, kennysheep_kite_vault
Depths:2: grunt_double_whammy, layout_basic, enter_ziggurat_f,
          grunt_mini_vestibule, rand_demon_pan_entry_9, serial_bayou_shore_a
Depths:3: grunt_twisty_corner, layout_cave_shapes, pf_hell_entry_great_geh,
          abyss_entry, nicolae_blasting_shop, infiniplex_staircase_star,
          grunt_megastairs_2
Depths:4: evilmike_zot_entry_basic, layout_gridlike, pf_coc_iceberg, pan_entry,
          nrook_mini_backslash
Hell
Dis:1:    layout_jigsaw, minmay_strange_pillars
Dis:2:    layout_jigsaw
Dis:3:    layout_gridville, nicolae_dis_metal_dragon_surprise
Dis:4:    layout_subdivisions, nicolae_dis_having_a_grate_time
Dis:5:    layout_overlapping_boxes, nicolae_dis_fourth_circle
Dis:6:    layout_overlapping_boxes, door_vault
Dis:7:    iron_city_of_dis [dis_old, dis_wall_8], layout_gridville
Geh:1:    layout_gehenna_lava_caves
Geh:2:    layout_gehenna_lava_caves, nicolae_hells_seeping_fissure
Geh:3:    layout_gehenna_lava_caves
Geh:4:    layout_gehenna_pools_box
Geh:6:    layout_gehenna_pools_basic
Geh:7:    evilmike_geh
Coc:1:    layout_cocytus_water_paths
Coc:2:    layout_ice_bergs
Coc:3:    layout_cocytus_water_paths
Coc:4:    layout_ice_bergs
Coc:5:    nicolae_coc_city_of_iceburg
Coc:6:    layout_cocytus_delve, nicolae_hells_hurtin_island
Coc:7:    coc_grunt_cove [coc_grunt_cove_antaeus, coc_grunt_cove_fiend,
          coc_grunt_cove_fiend, coc_grunt_cove_fiend, coc_grunt_cove_fiend]
Tar:1:    layout_grid_maze, evilmike_ambush [evilmike_ambush_outer_basic,
          evilmike_ambush_inner_basic]
Tar:2:    layout_grid_maze
Tar:3:    layout_grid_maze
Tar:6:    layout_grid_maze
Tar:7:    tar_mu [tar_mu_maze]
Zot:1:    layout_gridlike, st_stairs_1, hangedman_zot_gyre
Zot:2:    layout_concentric_octagons, uniq_parghit
Zot:3:    circus_mu, layout_gridlike, zot_minivault_3
Zot:4:    kennysheep_oblong_rooms, layout_gridlike, uniq_josephina
Zot:5:    layout_twisted_circle, nicolae_tricolors

Skill      XL: |  1  2  3  4  5  6  7  8  9 10 11 12 13 14 15 16 17 18 19 20 21 22 23 24 25 26 27 |
---------------+----------------------------------------------------------------------------------+-----
Spellcasting   | 2 3 4 5 7 10 14 15 27 | 27.0
Ice Magic      | 5 6 7 8 10 12 14 17 20 23 25 27 | 27.0
Fighting       | 1 3 5 9 10 12 13 14 23 | 23.6
Summonings     | 2 5 6 |  6.0
Evocations     | 1 6 9 12 13 14 27 | 27.0
Invocations    | 10 14 | 14.0
Staves         | 4 8 14 | 14.0
Armour         | 1 11 12 14 18 | 18.7
Transmutations | 4 9 10 12 | 12.0
Conjurations   | 3 8 12 14 | 14.0
Dodging        | 11 | 11.0
Earth Magic    | 27 | 27.0
Stealth        | |  2.1

Action                     |  1- 3 |  4- 6 |  7- 9 | 10-12 | 13-15 | 16-18 | 19-21 | 22-24 | 25-27 || total
---------------------------+-------+-------+-------+-------+-------+-------+-------+-------+-------++-------
  Melee: Unarmed           |    13 |       |       |       |       |       |       |       |       ||    13
         Dagger            |    79 |    11 |    37 |       |       |       |       |       |       ||   127
         Punch             |     1 |       |     3 |       |       |       |       |       |       ||     4
         Short sword       |       |    32 |    60 |     4 |       |       |       |       |       ||    96
         Whip              |       |       |   177 |   111 |       |       |       |       |       ||   288
         Demon whip        |       |       |       |    21 |   261 |    96 |       |       |       ||   378
         Staff             |       |       |       |       |       |    45 |    73 |   315 |  2537 ||  2970
  Throw: Dart              |       |       |       |       |       |       |       |       |     1 ||     1
   Cast: Freeze            |    15 |    18 |    43 |    25 |     4 |       |       |     1 |       ||   106
         Frozen Ramparts   |       |    10 |    25 |    23 |       |       |       |       |       ||    58
         Summon Ice Beast  |       |       |     5 |     6 |       |    12 |    10 |       |       ||    33
         Ozocubu's Armour  |       |       |     1 |    11 |     2 |    11 |     1 |       |     5 ||    31
         Ozocubu's Refrige |       |       |       |    11 |   172 |   525 |   462 |   288 |  1524 ||  2982
         Hailstorm         |       |       |       |       |       |    68 |    40 |    15 |    10 ||   133
         Irradiate         |       |       |       |       |       |       |       |    11 |   289 ||   300
         Shatter           |       |       |       |       |       |       |       |       |   131 ||   131
         Lehudib's Crystal |       |       |       |       |       |       |       |       |    39 ||    39
         Bombard           |       |       |       |       |       |       |       |       |    14 ||    14
 Invoke: Ancestor Identity |       |       |     1 |     1 |       |       |       |       |       ||     2
         Ancestor Life: Ba |       |       |       |     1 |       |       |       |       |       ||     1
         Recall Ancestor   |       |       |       |       |     2 |     3 |       |       |       ||     5
         Slouch            |       |       |       |       |       |     7 |       |     5 |    75 ||    87
         Idealise          |       |       |       |       |       |     1 |       |       |       ||     1
         Step From Time    |       |       |       |       |       |       |       |       |     3 ||     3
         Temporal Distorti |       |       |       |       |       |       |       |       |     1 ||     1
Ability: Evoke Damnation   |       |       |       |       |       |       |       |       |    10 ||    10
  Evoke: Wand              |       |       |       |     6 |     3 |    33 |    18 |     3 |    54 ||   117
         Phial of floods   |       |       |       |       |       |     2 |     1 |       |       ||     3
         Sack of spiders   |       |       |       |       |       |     1 |       |       |     2 ||     3
         Condenser vane    |       |       |       |       |       |       |     1 |       |     1 ||     2
         Lightning rod     |       |       |       |       |       |       |       |       |     5 ||     5
         Horn of Geryon    |       |       |       |       |       |       |       |       |     3 ||     3
    Use: Scroll            |     4 |     4 |     3 |     6 |    17 |    17 |     8 |     4 |    23 ||    86
         Potion            |       |     3 |       |     2 |       |     3 |     1 |     4 |    37 ||    50
   Stab: Sleeping          |       |     3 |     3 |       |     2 |       |       |       |       ||     8
         Distracted        |       |       |       |     1 |     3 |       |       |       |     6 ||    10
 Armour: Robe              |    63 |    37 |   264 |     6 |     3 |       |       |       |       ||   373
         Steam dragon scal |       |       |       |   166 |   277 |   329 |   189 |       |       ||   961
         Crystal plate arm |       |       |       |       |       |       |   109 |   637 |  4658 ||  5404
  Dodge: Dodged            |    56 |    37 |   223 |   107 |   174 |   168 |    80 |   113 |  1560 ||  2518
  Block: Buckler           |       |       |       |    55 |    81 |    97 |    78 |   131 |  1371 ||  1813
         Reflection        |       |       |       |       |       |       |       |       |   141 ||   141

Table legend: (Time is in decaauts)
 A = Elapsed time spent in this place.
 B = Non-inter-level travel time spent in this place.
 C = Inter-level travel time spent in this place.
 D = Time resting spent in this place.
 E = Time spent auto-exploring this place.
 F = Levels seen in this place.
 G = Mean time per level.
                   A        B        C        D        E       F      G
               +--------+--------+--------+--------+--------+-----+--------+
         Total | 128582 | 114651 |  13931 |  30311 |  57201 | 123 | 1045.4 |
       Dungeon |  17444 |  13606 |   3838 |   2728 |   7819 |  15 | 1162.9 |
        Temple |      4 |      3 |      1 |      0 |      0 |   1 |    4.0 |
          Lair |   6352 |   5451 |    901 |   1464 |   2824 |   5 | 1270.4 |
        Shoals |   5738 |   5440 |    298 |   1163 |   3234 |   4 | 1434.5 |
     Snake Pit |   5080 |   4541 |    539 |    996 |   2768 |   4 | 1270.0 |
    Slime Pits |   2246 |   2111 |    135 |    795 |    742 |   5 |  449.2 |
  Orcish Mines |   1433 |   1050 |    383 |    126 |    656 |   2 |  716.5 |
   Elven Halls |   6928 |   6498 |    430 |   1591 |   3493 |   3 | 2309.3 |
        Vaults |  16718 |  14357 |   2361 |   3747 |   8611 |   5 | 3343.6 |
         Crypt |   5270 |   4719 |    551 |    799 |   2761 |   3 | 1756.7 |
          Tomb |   3141 |   2844 |    297 |    688 |   1330 |   3 | 1047.0 |
        Depths |  13551 |  11736 |   1815 |   4284 |   5727 |   4 | 3387.8 |
          Hell |   2451 |   2159 |    292 |   1034 |    423 |   1 | 2451.0 |
           Dis |   6083 |   5624 |    459 |   2436 |   2115 |   7 |  869.0 |
       Gehenna |   2525 |   2247 |    278 |    434 |    661 |   6 |  420.8 |
       Cocytus |   2365 |   2365 |      0 |   1166 |     95 |   7 |  337.9 |
      Tartarus |   2443 |   2270 |    173 |    664 |    515 |   5 |  488.6 |
           Zot |  10466 |   9292 |   1174 |   1580 |   6351 |   5 | 2093.2 |
         Abyss |   1416 |   1416 |      0 |    179 |    722 |   2 |  708.0 |
   Pandemonium |   8918 |   8918 |      0 |   1752 |   4020 |  13 |  686.0 |
      Ziggurat |   3967 |   3967 |      0 |   1098 |   1082 |  18 |  220.4 |
        Bazaar |    101 |    101 |      0 |      0 |     50 |   1 |  101.0 |
         Trove |    215 |    215 |      0 |      0 |     96 |   1 |  215.0 |
      Ice Cave |   2014 |   2014 |      0 |   1158 |    175 |   1 | 2014.0 |
       Volcano |    259 |    259 |      0 |      0 |    118 |   1 |  259.0 |
        Wizlab |   1444 |   1444 |      0 |    423 |    803 |   1 | 1444.0 |
               +--------+--------+--------+--------+--------+-----+--------+

Top non-repeatable levels by time:
Vaults:2: 5400 daAuts
Depths:3: 4771 daAuts
   Dis:7: 4025 daAuts
Depths:2: 3414 daAuts
Depths:1: 3370 daAuts
   Elf:3: 3152 daAuts
Vaults:1: 3053 daAuts
Vaults:5: 2795 daAuts
Vaults:4: 2735 daAuts
Vaults:3: 2733 daAuts
   Zot:5: 2675 daAuts
    Hell: 2451 daAuts
   Elf:1: 2211 daAuts
    D:11: 2114 daAuts
 Crypt:3: 2106 daAuts
